 Dungeon Crawl Stone Soup version 0.24-a0-274-gb3763e6d51 (webtiles) character file.

Game seed: 18336390590199822571

1538999 JellyEater the Petrodigitator (level 27, -1/219 HPs)
             Began as a Gargoyle Earth Elementalist on Apr 22, 2019.
             Was the Champion of Vehumet.
             Slain by an acid blob (2 damage)
             ... on level 14 of a ziggurat on Apr 26, 2019.
             The game lasted 11:23:03 (117011 turns).

JellyEater the Petrodigitator (GrEE)              Turns: 117011, Time: 11:23:04

Health: -1/219     AC: 21    Str: 17    XL:     27
Magic:  43/54      EV: 35    Int: 42    God:    Vehumet [******]
Gold:   26441      SH: 15    Dex: 19    Spells: 1/80 levels left

rFire    + + +     SeeInvis +   C - staff of fire
rCold    + + +     Gourm    .   k - +3 warlock's mirror {reflect}
rNeg     + + .     Faith    .   x - +2 robe of Vines {NoPotionHeal Regen+7}
rPois    ∞         Spirit   .   s - +2 helmet of Meywoc {rF+ Int+6}
rElec    +         Reflect  +   m - scarf {rC+ rF+}
rCorr    .         Harm     .   B - +0 pair of fencer's gloves {Riposte Dex+3}
MR       ++...                  o - +2 pair of boots "Keits" {Int+3 Slay+2 SInv}
Stlth    +++++++++.             X - amulet of Vitality {Regen+ HP+15}
HPRegen  3.66/turn              N - ring of Asoreatoc {rF+++ MR- Int+6 Dex+6}
MPRegen  0.34/turn              e - ring of Knowledge {+Inv rN+ MR+ Str+5}

@: corroded, very slightly contaminated, studying Maces & Flails, invisible
A: big wings, rugged brown scales 1, yellow scales 1, cold resistance 2,
negative energy resistance 1, screaming 1, electricity resistance, [weak 1],
unbreathing, petrification resistance, rot immunity, AC +20
}: 4/15 runes: serpentine, barnacled, slimy, silver
a: Fly, Renounce Religion


You were on level 14 of a ziggurat.
You worshipped Vehumet.
Vehumet was exalted by your worship.
You were completely stuffed.

You visited 12 branches of the dungeon, and saw 58 of its levels.
You visited the Abyss 1 time.
You visited 2 bazaars.
You visited 5 ziggurats (completing 4), and saw 95 of their levels.
You also visited: Sewer, Ice Cave and Wizlab.

You collected 32193 gold pieces.
You spent 5752 gold pieces at shops.

Inventory:

Hand Weapons
 S - the +18 lance "Wyrmbane" {slay drac, rPois rF+ rC+ AC+3}
   (You found it on level 13 of a ziggurat)

   It affects your AC (+3).
   It protects you from fire.
   It protects you from cold.
   It protects you from poison.
Missiles
 b - 2442 stones (quivered)
 f - 16 throwing nets
 F - 120 javelins of penetration
Armour
 k - the +3 warlock's mirror (worn) {reflect}
   (You found it on level 27 of a ziggurat)
 m - a scarf of resistance (worn)
 o - the +2 pair of boots "Keits" (worn) {Int+3 Slay+2 SInv}
   (You bought it in a shop on level 1 of the Depths)

   It affects your intelligence (+3).
   It affects your accuracy and damage with ranged weapons and melee attacks
   (+2).
   It lets you see invisible.
 s - the +2 helmet of Meywoc (worn) {rF+ Int+6}
   (You bought it in a shop on level 2 of the Orcish Mines)

   It affects your intelligence (+6).
   It protects you from fire.
 x - the +2 robe of Vines (worn) {NoPotionHeal Regen+7}
   (You found it on level 19 of a ziggurat)

   It increases your rate of regeneration.
 B - the +0 pair of fencer's gloves (worn) {Riposte Dex+3}
   (You found it in an ice cave)

   It affects your dexterity (+3).
Magical Staves
 C - an uncursed staff of fire (weapon)
 J - an uncursed staff of cold
 V - an uncursed staff of energy
Jewellery
 e - the ring of Knowledge (right hand) {+Inv rN+ MR+ Str+5}
   (You took it off a deep elf demonologist on level 3 of the Elven Halls)

   [ring of positive energy]

   It affects your strength (+5).
   It protects you from negative energy.
   It affects your resistance to hostile enchantments.
   It lets you turn invisible.
 q - the amulet of the Four Winds {rN+ MR+++ Clar}
   (You found it on level 9 of a ziggurat)

   [amulet of nothing]

   It protects you from negative energy.
   It affects your resistance to hostile enchantments.
   It protects you against confusion.
 E - the ring of Phasing {EV+8}
   (You found it on level 12 of a ziggurat)

   [ring of evasion]

   It affects your evasion (+8).
 N - the ring of Asoreatoc (left hand) {rF+++ MR- Int+6 Dex+6}
   (You found it on level 23 of a ziggurat)

   [ring of intelligence]

   It affects your intelligence (+6).
   It affects your dexterity (+6).
   It renders you almost immune to fire.
   It affects your resistance to hostile enchantments.
 X - the amulet of Vitality (around neck) {Regen+ HP+15}
   (You found it on level 20 of a ziggurat)

   [amulet of regeneration]

   It affects your health (+15).
   It increases your rate of regeneration.
Wands
 y - a wand of clouds (7)
 A - a wand of iceblast (63)
 I - a wand of acid (50)
Scrolls
 c - 4 scrolls of magic mapping
 h - 105 scrolls of remove curse
 p - a scroll of fear
 r - 95 scrolls of teleportation
 t - 52 scrolls of fog
 v - a scroll of identify
 w - 24 scrolls of blinking
 G - a scroll of amnesia
 H - 9 scrolls of summoning
 M - 28 scrolls of holy word
Potions
 g - 28 potions of curing
 j - a potion of agility
 l - 19 potions of heal wounds
 n - 8 potions of resistance
 u - 8 potions of might
 z - 4 potions of invisibility
 D - 4 potions of cancellation
 O - 3 potions of berserk rage
 P - 2 potions of ambrosia
 Q - 5 potions of haste
 U - 5 potions of brilliance
 W - 79 potions of mutation
Books
 R - a manual of Maces & Flails
Miscellaneous
 a - 26 phantom mirrors
 i - 38 boxes of beasts
Comestibles
 d - 114 rations


   Skills:
 O Level 27 Fighting
 - Level 14.0 Maces & Flails
 O Level 27 Polearms
 + Level 26.9 Throwing
 - Level 12.0 Armour
 O Level 27 Dodging
 O Level 27 Stealth
 O Level 27 Shields
 O Level 27 Spellcasting
 O Level 27 Conjurations
 O Level 27 Hexes
 O Level 27 Necromancy
 - Level 18.0 Translocations
 - Level 0.7 Transmutations
 O Level 27 Fire Magic
 O Level 27 Ice Magic
 O Level 27 Earth Magic
 O Level 27 Evocations


You had one spell level left.
You knew the following spells:

 Your Spells              Type           Power        Failure   Level  Hunger
a - Discord               Hex            ########..   1%          8    None
b - Controlled Blink      Tloc           N/A          1%          8    None
c - Lehudib's Crystal Sp  Conj/Erth      ########..   1%          8    None
d - Necromutation         Tmut/Necr      ########..   6%          8    None
e - Iron Shot             Conj/Erth      ########..   0%          6    None
f - Bolt of Fire          Conj/Fire      #########.   0%          6    None
g - Ignition              Fire           #########.   1%          8    None
h - Shatter               Erth           ########..   1%          9    None
i - Fire Storm            Conj/Fire      #########.   1%          9    None
j - Glaciate              Conj/Ice       ########..   1%          9    None

Your spell library contained the following spells:

 Spells                   Type           Power        Failure   Level  Hunger
 Animate Skeleton         Necr           N/A          0%          1    None
 Apportation              Tloc           ######       0%          1    None
 Confusing Touch          Hex            ######       0%          1    None
 Corona                   Hex            #######      0%          1    None
 Flame Tongue             Conj/Fire      #####        0%          1    None
 Freeze                   Ice            ####         0%          1    None
 Magic Dart               Conj           ####         0%          1    None
 Pain                     Necr           ####         0%          1    None
 Sandblast                Erth           ######       0%          1    None
 Shock                    Conj/Air       ####         0%          1    None
 Sting                    Conj/Pois      ####         0%          1    None
 Beastly Appendage        Tmut           ######       1%          1    None
 Infusion                 Chrm           ####         1%          1    None
 Summon Butterflies       Summ           ######..     1%          1    None
 Summon Small Mammal      Summ           ####         1%          1    None
 Blink                    Tloc           N/A          0%          2    None
 Corpse Rot               Necr           N/A          0%          2    None
 Ensorcelled Hibernation  Hex/Ice        ######       0%          2    None
 Passwall                 Tmut/Erth      ########     0%          2    None
 Searing Ray              Conj           ######       0%          2    None
 Shroud of Golubria       Chrm/Tloc      #######...   0%          2    None
 Slow                     Hex            ########     0%          2    None
 Throw Flame              Conj/Fire      ######       0%          2    None
 Throw Frost              Conj/Ice       ######       0%          2    None
 Confuse                  Hex            ########     0%          3    None
 Conjure Flame            Conj/Fire      ########     0%          3    None
 Dazzling Spray           Conj/Hex       ######       0%          3    None
 Gell's Gravitas          Tloc           ########..   0%          3    None
 Ignite Poison            Fire/Tmut/Pois ########     0%          3    None
 Inner Flame              Hex/Fire       ########     0%          3    None
 Lesser Beckoning         Tloc           ########..   0%          3    None
 Mephitic Cloud           Conj/Pois/Air  #######.     0%          3    None
 Ozocubu's Armour         Chrm/Ice       ########     0%          3    None
 Portal Projectile        Hex/Tloc       ######       0%          3    None
 Regeneration             Chrm/Necr      ########..   0%          3    None
 Spectral Weapon          Hex/Chrm       ########     0%          3    None
 Static Discharge         Conj/Air       ########     0%          3    None
 Stone Arrow              Conj/Erth      ######       0%          3    None
 Summon Guardian Golem    Hex/Summ       ########     0%          3    None
 Teleport Other           Tloc           ########     0%          3    None
 Tukima's Dance           Hex            ########     0%          3    None
 Vampiric Draining        Necr           ########..   0%          3    None
 Animate Dead             Necr           N/A          0%          4    None
 Cause Fear               Hex            ########..   0%          4    None
 Force Lance              Conj/Tloc      ########     0%          4    None
 Fulminant Prism          Conj/Hex       ########..   0%          4    None
 Ice Form                 Ice/Tmut       ########     0%          4    None
 Iskenderun's Mystic Bla  Conj           ########     0%          4    None
 Leda's Liquefaction      Hex/Erth       ########..   0%          4    None
 Passage of Golubria      Tloc           N/A          0%          4    None
 Petrify                  Tmut/Erth      ########     0%          4    None
 Sticky Flame             Conj/Fire      ########     0%          4    None
 Summon Ice Beast         Ice/Summ       ########     0%          4    None
 Throw Icicle             Conj/Ice       ########     0%          4    None
 Agony                    Necr           ########     0%          5    None
 Bolt of Draining         Conj/Necr      ########..   0%          5    None
 Bolt of Magma            Conj/Fire/Erth #########.   0%          5    None
 Borgnjor's Vile Clutch   Necr/Erth      ########..   0%          5    None
 Dispel Undead            Necr           ########     0%          5    None
 Fireball                 Conj/Fire      #########.   0%          5    None
 Lee's Rapid Deconstruct  Erth           ########..   0%          5    None
 Metabolic Englaciation   Hex/Ice        ########..   0%          5    None
 Bolt of Cold             Conj/Ice       ########..   0%          6    None
 Darkness                 Hex            ########..   0%          6    None
 Death Channel            Necr           ########..   0%          6    None
 Invisibility             Hex            ########     0%          6    None
 Ozocubu's Refrigeration  Ice            ########..   0%          6    None
 Simulacrum               Ice/Necr       ########..   0%          6    None
 Orb of Destruction       Conj           ########..   0%          7    None
 Call Imp                 Summ           ######..     1%          2    None
 Poisonous Vapours        Pois/Air       ######       1%          2    None
 Song of Slaying          Chrm           ######..     1%          2    None
 Sticks to Snakes         Tmut           ######..     1%          2    None
 Swiftness                Chrm/Air       ######..     1%          2    None
 Call Canine Familiar     Summ           ######..     1%          3    None
 Recall                   Summ/Tloc      N/A          1%          3    None
 Spider Form              Tmut/Pois      ######....   1%          3    None
 Airstrike                Air            ######....   1%          4    None
 Olgreb's Toxic Radiance  Pois           ######..     1%          4    None
 Excruciating Wounds      Chrm/Necr      ########..   1%          5    None
 Irradiate                Conj/Tmut      ########..   1%          5    None
 Iskenderun's Battlesphe  Conj/Chrm      ########     1%          5    None
 Lightning Bolt           Conj/Air       ########..   1%          5    None
 Silence                  Hex/Air        ########..   1%          5    None
 Summon Forest            Summ/Tloc      #######...   1%          5    None
 Summon Mana Viper        Hex/Summ       ########     1%          5    None
 Venom Bolt               Conj/Pois      ########..   1%          5    None
 Yara's Violent Unravell  Hex/Tmut       ########..   1%          5    None
 Conjure Ball Lightning   Conj/Air       ########..   1%          6    None
 Dispersal                Tloc           ########..   1%          6    None
 Freezing Cloud           Conj/Ice/Air   ########..   1%          6    None
 Poison Arrow             Conj/Pois      ########..   1%          6    None
 Haunt                    Necr/Summ      ########..   1%          7    None
 Ring of Flames           Chrm/Fire      ########..   1%          7    None
 Spellforged Servitor     Conj/Summ      ########..   1%          7    None
 Borgnjor's Revivificati  Necr           ########..   1%          8    None
 Chain Lightning          Conj/Air       ########..   1%          8    None
 Disjunction              Tloc           ########..   1%          8    None
 Infestation              Necr           ########..   1%          8    None
 Summon Lightning Spire   Summ/Air       ######..     2%          4    None
 Blade Hands              Tmut           ######....   5%          5    None
 Malign Gateway           Summ/Tloc      #######...   5%          7    None
 Alistair's Intoxication  Tmut/Pois      ######..     6%          5    None
 Death's Door             Chrm/Necr      ########..   7%          8    None
 Aura of Abjuration       Summ           ######....   8%          5    None
 Summon Demon             Summ           ######....   8%          5    None
 Hydra Form               Tmut           ######....   30%         6    None
 Deflect Missiles         Chrm/Air       ######....   38%         6    None
 Shadow Creatures         Summ           N/A          38%         6    None
 Dragon Form              Tmut           ######....   86%         7    None
 Monstrous Menagerie      Summ           ######....   92%         7    None
 Summon Greater Demon     Summ           ######....   92%         7    None
 Summon Hydra             Summ           ######....   92%         7    None
 Summon Horrible Things   Summ           ######....   100%        8    None
 Dragon's Call            Summ           ######....   100%        9    None
 Tornado                  Air            ######....   100%        9    None
 Sublimation of Blood     Necr           Unusable     N/A         2    N/A
 Statue Form              Tmut/Erth      Unusable     N/A         6    N/A

Dungeon Overview and Level Annotations

Branches:
Dungeon (15/15)            Temple (1/1) D:7            Lair (6/6) D:9
 Shoals (4/4) Lair:3        Snake (4/4) Lair:4        Slime (5/5) Lair:5
    Orc (2/2) D:11            Elf (3/3) Orc:2        Vaults (5/5) D:14
  Crypt (3/3) Vaults:3       Tomb (0/3) Crypt:3      Depths (5/5) D:15
    Zot (5/5) Depths:5

Altars:
Ashenzari
Cheibriados
Dithmenos
Elyvilon
Fedhas
Gozag
Hepliaklqana
Kikubaaqudgha
Makhleb
Nemelex Xobeh
Okawaru
Qazlal
Ru
Sif Muna
Trog
Uskayaw
Vehumet
Wu Jian
Xom
Yredelemnul
Zin
The Shining One
Beogh

Shops:
D:8 (   D:9 (   D:12 }   D:13 *   D:15 }   Orc:2 (}[[   Snake:4 *   Depths:1 [:
Depths:2 *

Portals:
Hell: Depths:1 Depths:2 Depths:3 Depths:4 Depths:5
Abyss: Depths:3 Depths:4 Depths:5
Pandemonium: Depths:2 Depths:3 Depths:4 Depths:5

Annotations:
D:4 2 transporters, TheNamelessOne's ghost, novice OpHu
Shoals:1 3 runed translucent doors, Wimimit's ghost, adept MiFi; pentaxis93's ghost, journeyman MiFi
Snake:2 2 transporters, kroki's ghost, adept HOFi
Elf:2 3 runed translucent doors


Innate Abilities, Weirdness & Mutations

You are resistant to torment.
Your stone body is resilient. (AC +20)
You are immune to poison.
Your large and strong wings let you fly indefinitely.
You resist negative energy. (rN+)
You are resistant to electric shocks. (rElec)
You can survive without breathing.
You are immune to petrification.
You are immune to rotting.
You are partially covered in rugged brown scales. (AC +1, +3% HP)
You are partially covered in yellow scales. (AC +2)
Your flesh is very cold resistant. (rC++)
You occasionally shout uncontrollably at your foes.
[You are weak. (Str -2)]


Message History

The acid blob barely misses you. The acid blob closely misses you.
The acid blob completely misses you.
A slime creature comes into view.
The acid blob jiggles.
The acid blob spits acid at you. The splash of acid hits you.
* * * LOW HITPOINT WARNING * * *
You are splashed with acid!
* * * LOW HITPOINT WARNING * * *
The slime creature quivers. x2
Unknown command.
Your system rejects the healing.
You feel better. The acid blob hits you!!
* * * LOW HITPOINT WARNING * * *
You are splashed with acid!
* * * LOW HITPOINT WARNING * * *
You block the acid blob's attack. x3; The acid blob completely misses you.
The acid blob jiggles.
A slime creature comes into view.
You shout at the slime creature!
The acid blob hits you.
You die...

........▓▓
▓▓..G...G......▓▓
▓▓.JJ.JG.........▓▓
▓JJGJGJJ..........▓▓
JGJJJJJG...........▓▓
JJJJGJJJGJ..........▓▓
JJJGGJJJ...........∩.▓
JJGJJJJJJ...........▓▓
GGJGJJJ@JG.........▓▓
▓JGJJJJJJ.........▓▓
▓▓.JGJJJ.........▓▓
▓▓..JJ.........▓▓
▓▓...........▓▓
▓▓▓▓▓▓▓▓▓▓▓▓▓


You could see 28 acid blobs, 12 azure jellies, 4 great orbs of eyes, 14 slime
creatures, 6 shining eyes, 7 eyes of draining and a golden eye.

Vanquished Creatures
  the Royal Jelly (Slime:5)
  18 orbs of fire
  60 ancient liches
  30 juggernauts
  Mara (Snake:3)
  Boris (twice) (Vaults:4 Vaults:5)
  73 greater mummies
  Bai Suzhen (Depths:3)
  Frederick (Vaults:2)
  Saint Roka (Depths:1)
  10 shard shrikes
  48 Killer Klowns
  Vashnia (Snake:2)
  66 caustic shrikes
  4 curse toes
  37 golden dragons
  Nikola (Elf:1)
  Jory (Depths:3)
  2 golden dragons (shapeshifter)
  14 profane servitors
  56 pandemonium lords
  The ghost of Flugkiller the Ruinous, a veteran DEFE of Vehumet (Depths:3)
  37 bone dragons
  A mutant beast (WizLab)
  32 iron giants
  6 Brimstone Fiends
  8 Tzitzimimeh
  An iron giant (shapeshifter) (Zig:20)
  32 hellephants
  11 Ice Fiends
  9 doom hounds
  42 tentacled monstrosities
  24 electric golems
  24 Orb Guardians (Zot:5)
  32 Hell Sentinels
  20 quicksilver dragons
  2 quicksilver dragons (shapeshifter)
  42 liches
  39 deep elf master archers
  32 deep elf blademasters
  2 krakens (Shoals:3)
  36 titans
  Frances (Elf:1)
  51 acid blobs
  2 sphinxes (shapeshifter)
  9 Executioners
  21 sphinxes
  7 death cobs
  2 shadow dragons (shapeshifter)
  Agnes (Elf:1)
  38 tentacled starspawn
  The ghost of Armakuni the Tortoise, an adept HuGl of Gozag (Snake:4)
  64 ancient champions
  25 azure jellies
  15 shadow dragons
  Roxanne (Snake:4)
  45 draconian monks
  9 tengu reavers
  22 storm dragons
  Donald (Vaults:1)
  54 nagarajas
  A storm dragon (shapeshifter) (Zig:17)
  52 revenants
  4 azure jellies (shapeshifter)
  2 daevas
  7 thorn hunters
  31 vault wardens
  27 fire giants
  Louise (Elf:1)
  5 deep elf sorcerers
  2 frost giants (shapeshifter)
  24 iron dragons
  2 fire giants (shapeshifter)
  A ghost moth (shapeshifter) (WizLab)
  48 draconian scorchers
  47 draconian knights
  34 balrugs
  70 orc warlords
  6 deep elf elementalists
  35 curse skulls
  5 cacodemons
  3 warmongers
  15 frost giants
  58 ghost moths
  11 caustic shrike zombies
  Aizul (Shoals:1)
  7 juggernaut zombies
  40 draconian stormcallers
  An angel (Zig:26)
  38 ironheart preservers
  22 emperor scorpions
  25 ghouls
  55 reapers
  59 draconian shifters
  33 war gargoyles
  4 spriggan defenders
  7 juggernaut skeletons
  8 caustic shrike skeletons
  55 draconian annihilators
  107 stone giants
  48 entropy weavers
  55 vampire knights
  24 corrupters
  2 stone giants (shapeshifter)
  32 black draconians
  37 deep elf demonologists
  3 blood saints
  2 pale draconians (Depths:5)
  16 bennus
  7 black suns
  55 very ugly things
  40 red draconians
  37 yellow draconians
  46 deep elf annihilators
  47 green draconians
  102 starcursed masses
  24 spark wasps
  31 dire elephants
  2 dire elephants (shapeshifter)
  68 eidola
  30 purple draconians
  38 white draconians
  The ghost of Xupack the Cleaver, a journeyman FoFi of Hepliaklqana (Lair:4)
  7 lorocyprocas
  20 crystal guardians
  The ghost of Qocimuv the Fighter, a journeyman GrFi of Okawaru (Lair:3)
  35 green deaths
  39 deep elf death magi
  19 blizzard demons
  Snorg (Orc:2)
  36 merfolk javelineers
  19 ettins
  Josephine (D:13)
  56 mummy priests
  4 quicksilver dragon zombies
  41 yaktaur captains
  7 death oozes
  35 fire dragons
  15 merfolk impalers
  16 great orbs of eyes
  4 quicksilver dragon skeletons
  34 deep elf high priests
  An ice dragon (shapeshifter) (Vaults:3)
  15 jiangshi
  9 rakshasas
  83 hydras
  36 vault guards
  26 naga warriors
  23 ice dragons
  2 hell beasts
  A caustic shrike simulacrum (Zig:23)
  Harold (D:11)
  6 ghost crabs
  5 merfolk avatars
  13 merfolk aquamancers
  16 shambling mangroves
  A monstrous demonspawn (Zig:12)
  20 spriggan air magi
  2 juggernaut simulacra
  3 death knights
  16 anacondas
  30 centaur warriors
  5 alligator snapping turtles (shapeshifter)
  2 catoblepae (shapeshifter)
  4 deep troll shamans
  An alligator (shapeshifter) (WizLab)
  Erica (D:9)
  18 catoblepae
  9 alligators
  2 anacondas (shapeshifter)
  A queen ant (shapeshifter) (Zig:27)
  6 spriggan berserkers
  64 vampire magi
  60 two-headed ogres
  3 tengu warriors
  23 death scarabs
  A queen ant (Lair:6)
  18 satyrs
  13 death yaks
  8 titan zombies
  24 ogre magi
  10 hell hogs
  34 thrashing horrors
  6 alligator snapping turtles (Zig:25)
  66 dancing weapons
  87 orc high priests
  58 naga sharpshooters
  7 deep troll earth magi
  41 shock serpents
  17 iron golems
  15 soul eaters
  38 iron trolls
  3 sun demons
  19 hell knights
  52 deep elf knights
  8 titan skeletons
  8 storm dragon zombies
  8 storm dragon skeletons
  29 shadow wraiths
  11 fire crabs
  4 fire crabs (shapeshifter)
  59 wretched stars
  5 death drakes (shapeshifter)
  3 spark wasp zombies
  7 sixfirhies
  12 death drakes
  12 golden dragon zombies
  18 sea snakes
  A ghost moth zombie (Crypt:2)
  7 salamander mystics
  30 spatial maelstroms
  12 glowing orange brains
  38 skeletal warriors
  25 deep trolls
  A glowing orange brain (shapeshifter) (Zig:25)
  11 shadow demons
  2 deep trolls (shapeshifter)
  2 unseen horrors (shapeshifter)
  37 flayed ghosts
  10 orange crystal statues
  3 unseen horrors
  Pikel (D:9)
  A torturous demonspawn (Zig:12)
  2 sea snakes (shapeshifter)
  2 swamp dragons (shapeshifter)
  7 obsidian statues
  3 lindwurms
  25 spriggan druids
  28 phantasmal warriors
  54 swamp dragons
  20 naga ritualists
  26 ironbrand convokers
  The ghost of pentaxis93 the Cleaver, a novice MiFi of Okawaru (D:6)
  11 golden dragon skeletons
  19 harpies
  2 wizards
  53 deep elf archers
  7 fire giant zombies
  13 iron dragon zombies
  3 lindwurms (shapeshifter)
  17 mana vipers
  41 orc knights
  3 orb spiders (shapeshifter)
  15 necromancers
  39 orb spiders
  13 shadow dragon zombies
  141 deep elf magi
  2 harpies (shapeshifter) (WizLab)
  A cyclops (shapeshifter) (Zig:14)
  5 sphinx zombies
  A shining eye (shapeshifter) (Zig:20)
  30 wolf spiders
  4 tengu skeletons
  A stone giant zombie (Crypt:1)
  34 fauns
  5 fauns (shapeshifter)
  2 salamanders (shapeshifter)
  3 manticores (shapeshifter)
  78 ugly things
  2 mana vipers (shapeshifter)
  28 manticores
  59 orc sorcerers
  12 sphinx skeletons
  2 frost giant zombies
  8 shadow dragon skeletons
  8 shining eyes
  14 worldbinders
  5 moths of wrath (shapeshifter)
  23 cyclopes
  A wolf spider (shapeshifter) (Zig:25)
  81 moths of wrath
  7 iron dragon skeletons
  An elephant (shapeshifter) (WizLab)
  A frost giant skeleton (Zig:10)
  6 guardian serpents (shapeshifter)
  18 merfolk sirens
  3 black mambas (shapeshifter)
  5 fire giant skeletons
  29 guardian serpents
  Maurice (D:12)
  102 black mambas
  35 apocalypse crabs
  15 salamanders
  8 ice statues
  17 rust devils
  45 naga magi
  9 water nymphs
  6 eyes of devastation (shapeshifter)
  15 elephants
  15 spriggan zombies
  Joseph (D:8)
  A water nymph (shapeshifter) (Zig:4)
  20 vault sentinels
  43 smoke demons
  6 spriggan skeletons
  A spiny frog (shapeshifter) (WizLab)
  3 torpor snails (shapeshifter)
  8 eyes of devastation
  29 hellions
  17 efreet
  24 gargoyles
  2 orange demons
  5 centaur skeletons
  60 spiny frogs
  55 yaktaurs
  3 komodo dragons (shapeshifter)
  A kobold demonologist (Zig:26)
  79 torpor snails
  19 komodo dragons
  2 rime drakes (shapeshifter)
  15 rime drakes
  51 freezing wraiths
  8 red devils
  5 yaktaurs (shapeshifter)
  28 tormentors
  A yellow draconian skeleton (Crypt:2)
  123 guardian mummies
  23 demonic crawlers
  A yaktaur skeleton (Vaults:2)
  A grey draconian skeleton (Crypt:1)
  A purple draconian skeleton (Crypt:2)
  2 golden dragon simulacra
  4 silent spectres
  2 hellwings
  A tengu conjurer (Depths:4)
  A pale draconian skeleton (Crypt:1)
  A hydra zombie (Crypt:1)
  66 merfolk
  15 tyrant leeches
  24 ice devils
  38 ancient zymes
  3 meliai (D:13)
  59 hornets
  35 jumping spiders
  24 trolls
  2 hornets (shapeshifter)
  A polar bear (shapeshifter) (WizLab)
  3 meliai (shapeshifter)
  A queen bee (Lair:1)
  2 wind drakes (shapeshifter)
  3 jumping spiders (shapeshifter)
  6 polar bears
  2 tengu simulacra
  A slime creature (shapeshifter) (Vaults:4)
  4 wind drakes
  28 blink frogs
  39 raiju
  21 bog bodies
  2 blink frogs (shapeshifter)
  3 raiju (shapeshifter)
  2 dream sheep (shapeshifter)
  A sphinx simulacrum (Zig:7)
  An iron dragon simulacrum (Zig:19)
  103 slime creatures
  32 hippogriffs
  13 snapping turtles
  11 dream sheep
  A spectral black mamba (Lair:3)
  3 snapping turtles (shapeshifter)
  An ettin zombie (Depths:1)
  25 air elementals
  Sigmund (D:6)
  4 redbacks (shapeshifter)
  5 hippogriffs (shapeshifter)
  2 stone giant simulacra
  A deep troll zombie (Depths:1)
  An ettin skeleton (Zig:7)
  2 ice dragon zombies
  49 flying skulls
  117 large abominations
  A vampire (D:11)
  32 tarantellas
  36 wraiths
  22 ynoxinuls
  27 redbacks
  2 spriggans (shapeshifter) (WizLab)
  11 spriggans
  A tarantella (shapeshifter) (Zig:9)
  A wyvern (shapeshifter) (Vaults:2)
  17 wyverns
  12 shadows
  A human (shapeshifter) (Vaults:3)
  A black mamba skeleton (Crypt:3)
  16 neqoxecs
  30 water elementals
  60 yaks
  A wind drake skeleton (Crypt:1)
  12 fire elementals
  6 fire bats
  14 golden eyes
  A tyrant leech zombie (Crypt:1)
  Grum (D:11)
  11 basilisks
  4 basilisks (shapeshifter)
  40 chaos spawn
  41 ushabtiu
  5 hungry ghosts
  18 vampire mosquitoes
  2 death yak simulacra
  8 steam dragons
  5 swamp worms (shapeshifter)
  A two-headed ogre zombie (Crypt:3)
  3 spatial vortices (Zig:22)
  18 elf skeletons
  2 human zombies
  13 tengu zombies
  62 nagas
  5 acid dragons
  An infernal demonspawn zombie (Crypt:1)
  2 soldier ants (shapeshifter)
  17 hell hounds
  10 soldier ants (Lair:6)
  30 wargs
  65 water moccasins
  8 insubstantial wisps
  A spiny frog zombie (Crypt:1)
  2 water moccasins (shapeshifter) (Zig:19)
  9 floating eyes
  12 porcupines
  20 swamp drakes
  3 floating eyes (shapeshifter)
  8 sky beasts
  A swamp drake (shapeshifter) (Vaults:5)
  12 ice beasts
  103 orc warriors
  A black bear (shapeshifter) (WizLab)
  A hornet zombie (D:15)
  An elf simulacrum (Zig:27)
  A slave (D:9)
  3 black bears
  2 eyes of draining (shapeshifter)
  100 ogres
  3 phantoms
  A black mamba simulacrum (Lair:3)
  18 eyes of draining
  19 necrophages
  An alligator simulacrum (IceCv)
  9 boggarts
  A crocodile (shapeshifter) (Elf:1)
  42 crocodiles
  31 centaurs
  13 wolves
  5 human skeletons
  28 elf zombies
  An octopode zombie (Crypt:1)
  3 gnoll sergeants
  6 big kobolds
  A bullfrog (shapeshifter) (D:14)
  21 bullfrogs
  A wyvern zombie (D:8)
  55 small abominations
  49 earth elementals
  3 scorpions
  A water moccasin skeleton (D:9)
  A wyvern skeleton (D:14)
  35 killer bees
  A troll skeleton (Crypt:1)
  32 wights
  4 electric eels
  7 crimson imps
  5 centaur zombies
  5 draconian simulacra (IceCv)
  4 bullfrog zombies
  21 iron imps
  7 hounds
  7 jellies
  2 quasits
  2 gnoll shamans
  43 orc priests
  32 orc wizards
  2 bullfrog skeletons (D:6)
  An iguana (shapeshifter) (Vaults:3)
  5 iguanas
  A worker ant (shapeshifter) (Vaults:2)
  Terence (D:2)
  6 spriggan simulacra
  26 worker ants
  2 wolf simulacra (IceCv)
  3 troll simulacra (IceCv)
  6 ogre zombies (D:11)
  A deep dwarf skeleton (Crypt:2)
  An acid dragon skeleton (Crypt:1)
  163 mummies
  A howler monkey zombie (Crypt:1)
  A worker ant zombie (D:10)
  2 howler monkey skeletons
  21 gnolls
  A river rat (Sewer)
  16 adders
  3 naga simulacra (IceCv)
  4 ogre simulacra (IceCv)
  18 shadow imps
  27 white imps
  A worker ant simulacrum (D:6)
  An ufetubus (Depths:4)
  3 oozes
  An adder zombie (D:6)
  2 adder skeletons
  An iguana skeleton (Crypt:3)
  6 worms
  4 dart slugs
  6 leopard geckos
  A leopard gecko (shapeshifter) (Depths:4)
  125 orcs
  12 giant cockroaches
  6 goblins
  9 hobgoblins
  4 jackals (D:9)
  6 quokkas
  11 ball pythons
  2 bats
  8 frilled lizards
  A frilled lizard zombie (Crypt:2)
  4 goblin skeletons
  2 goblin zombies (D:11)
  A jackal zombie (D:8)
  18 kobolds
  A leopard gecko skeleton (D:6)
  A leopard gecko zombie (D:5)
  An orc skeleton (D:11)
  13 orc zombies (D:11)
  A quokka skeleton (D:3)
  2 quokka zombies
  11 rats
  A rat skeleton (Crypt:1)
  A river rat skeleton (Crypt:2)
  433 blocks of ice
  26 briar patches
  A butterfly (D:7)
  43 crawling corpses (Zig:25)
  282 fire vortices
  A fungus (D:13)
  12 plants
  21 starspawn tentacles
  7 tentacles (Shoals:3)
10287 creatures vanquished.

Vanquished Creatures (collateral kills)
  2 pandemonium lords (Zig:20)
  A greater mummy (Zig:19)
  A Killer Klown (Zot:5)
  A golden dragon (Depths:4)
  An iron giant (Zig:11)
  A tentacled monstrosity (Zot:5)
  A hellephant (Zig:3)
  An Orb Guardian (Zot:5)
  A storm dragon (Zot:1)
  An orc warlord (Zig:24)
  An emperor scorpion (Zig:3)
  A very ugly thing (Depths:5)
  A reaper (Zig:14)
  A stone giant (Depths:3)
  A vampire knight (Zig:11)
  2 bennus (Zig:19)
  A purple draconian (Zig:14)
  A dire elephant (shapeshifter) (Zig:20)
  2 dire elephants
  A yaktaur captain (Depths:5)
  A deep elf high priest (Zig:13)
  A catoblepas (Zig:3)
  A centaur warrior (D:14)
  A titan skeleton (Zig:14)
  An iron troll (Depths:5)
  An ugly thing (Depths:2)
  A moth of wrath (Zig:18)
  An elephant (Zig:21)
  A torpor snail (Zig:18)
  An ancient zyme (Zig:23)
  A tarantella (Zig:18)
  A steam dragon (Depths:5)
  A vampire mosquito (Zig:22)
  A crocodile (Zig:23)
  A crimson imp (D:14)
  An orc priest (Zig:24)
  A white imp (Zig:14)
40 creatures vanquished.

Vanquished Creatures (others)
  An ancient lich (Zig:14)
  2 caustic shrikes
  An orc warlord (Zig:27)
  2 stone giants
  A green draconian (Zig:20)
  A purple draconian (Zig:24)
  A yaktaur captain (Zig:24)
  A centaur warrior (Zig:24)
  A spatial maelstrom (Zig:13)
  A salamander mystic (Depths:2)
  A large abomination (Zig:22)
  An unseen horror (Vaults:1)
  A phantasmal warrior (Zig:22)
  A deep elf mage (Elf:3)
  A necromancer (Abyss:3)
  A torpor snail (Zig:18)
  A gargoyle (Zig:17)
  A demonic crawler (Zig:18)
  A water elemental (Zig:25)
  A golden eye (Zig:22)
  4 insubstantial wisps (Elf:1)
  An orc wizard (Orc:2)
  231 blocks of ice
  2 briar patches
  446 fire vortices
  33 fungi
  33 plants
  25 starspawn tentacles
  A tentacle (Shoals:3)
  6 withered plants (Shoals:1)
804 creatures vanquished.

Grand Total: 11131 creatures vanquished

Notes
Turn   | Place    | Note
-------+----------+-------------------------------------------
     0 | D:1      | JellyEater the Gargoyle Earth Elementalist began the quest
                  | for the Orb.
     0 | D:1      | Reached XP level 1. HP: 10/10 MP: 3/3
   172 | D:1      | Reached XP level 2. HP: 15/15 MP: 3/5
   505 | D:1      | Reached XP level 3. HP: 14/19 MP: 2/6
   547 | D:1      | Learned a level 3 spell: Stone Arrow
  1157 | D:2      | Reached skill level 1 in Conjurations
  1157 | D:2      | Reached XP level 4. HP: 24/24 MP: 1/8
  1670 | D:2      | Reached skill level 5 in Earth Magic
  1742 | D:2      | Noticed Terence
  1765 | D:2      | Reached XP level 5. HP: 28/28 MP: 4/9
  1794 | D:2      | Killed Terence
  1934 | D:2      | Learned a level 5 spell: Lee's Rapid Deconstruction
  2437 | D:3      | Reached XP level 6. HP: 22/32 MP: 6/11
  2893 | D:3      | Found a glowing drain.
  2911 | Sewer    | Entered a sewer
  3911 | D:4      | Found a transporter.
  3914 | D:4      | Noticed TheNamelessOne's ghost (novice OpHu)
  3922 | D:4      | Found a transporter.
  3959 | D:4      | Reached XP level 7. HP: 33/36 MP: 10/13
  4014 | D:4      | Found a glowing golden altar of the Shining One.
  4398 | D:5      | Entered Level 5 of the Dungeon
  4586 | D:5      | Found a stormy altar of Qazlal.
  5203 | D:5      | Reached skill level 1 in Armour
  5203 | D:5      | Reached XP level 8. HP: 42/42 MP: 9/15
  5536 | D:6      | Reached skill level 1 in Fighting
  5536 | D:6      | Reached skill level 1 in Maces & Flails
  5536 | D:6      | Reached skill level 5 in Spellcasting
  5556 | D:6      | Reached skill level 1 in Evocations
  6075 | D:6      | Reached skill level 5 in Conjurations
  6374 | D:6      | Noticed Sigmund
  6378 | D:6      | Killed Sigmund
  6431 | D:6      | Reached XP level 9. HP: 41/49 MP: 17/17
  6463 | D:6      | Found a runed translucent gate.
  6463 | D:6      | Found a runed translucent gate.
  6464 | D:6      | Found a runed translucent gate.
  6467 | D:6      | Noticed pentaxis93's ghost (novice MiFi)
  6644 | D:6      | Upgraded the game from 0.24-a0-269-g32ec7cac8f to
                  | 0.24-a0-271-ga0fc33f724
  6823 | D:6      | Killed pentaxis93's ghost
  7228 | D:7      | Found a sacrificial altar of Ru.
  7467 | D:7      | Found a staircase to the Ecumenical Temple.
  7488 | Temple   | Entered the Ecumenical Temple
  7569 | Temple   | Became a worshipper of Vehumet
  8116 | D:8      | Noticed Joseph
  8239 | D:8      | Noticed a centaur warrior
  8253 | D:8      | Killed a centaur warrior
  8253 | D:8      | Reached XP level 10. HP: 50/58 MP: 14/19
  8284 | D:8      | Got a crude lajatang
  8292 | D:8      | Identified the cursed +0 lajatang "Mymups" {venom, +Blink
                  | MR+ Int+3} (You found it on level 8 of the Dungeon)
  8302 | D:8      | Identified the Handbook of Ash
  8306 | D:8      | Got an ebony spear
  8309 | D:8      | Identified the +4 spear "Zorch" {speed, rElec} (You found
                  | it on level 8 of the Dungeon)
  8378 | D:8      | Reached * piety under Vehumet
  8378 | D:8      | Offered knowledge of Shock by Vehumet.
  8438 | D:8      | Noticed a two-headed ogre
  8540 | D:8      | Found Deelenol's Antique Weapon Shoppe.
  8541 | D:8      | Noticed a two-headed ogre
  8544 | D:8      | Killed a two-headed ogre
  8634 | D:8      | Killed Joseph
  8634 | D:8      | Reached skill level 5 in Armour
  8637 | D:8      | Killed a two-headed ogre
  8637 | D:8      | Reached skill level 5 in Fighting
  8964 | D:8      | Reached skill level 5 in Maces & Flails
  9269 | D:9      | Noticed a two-headed ogre
  9279 | D:9      | Killed a two-headed ogre
  9279 | D:9      | Reached XP level 11. HP: 64/64 MP: 14/21
  9313 | D:9      | Found a staircase to the Lair.
  9392 | D:9      | Found Muptud's Weapon Emporium.
  9399 | D:9      | Noticed Pikel
  9403 | D:9      | Identified a scroll of acquirement
  9418 | D:9      | Killed Pikel
  9444 | D:9      | Noticed a two-headed ogre
  9452 | D:9      | Killed a two-headed ogre
  9452 | D:9      | Reached ** piety under Vehumet
  9452 | D:9      | Offered knowledge of Searing Ray by Vehumet.
  9677 | D:9      | Reached skill level 5 in Dodging
  9781 | D:9      | Noticed Erica
  9814 | D:9      | Killed Erica
 10095 | D:9      | Noticed a two-headed ogre
 10102 | D:9      | Killed a two-headed ogre
 10339 | D:10     | Entered Level 10 of the Dungeon
 10509 | D:10     | Reached skill level 10 in Earth Magic
 10940 | D:10     | Offered knowledge of Dazzling Spray by Vehumet.
 11281 | D:11     | Noticed Grum
 11285 | D:11     | Killed Grum
 11286 | D:11     | Reached XP level 12. HP: 71/71 MP: 11/23
 11571 | D:11     | Reached *** piety under Vehumet
 11694 | D:11     | Noticed Harold
 11705 | D:11     | Offered knowledge of Iskenderun's Mystic Blast by Vehumet.
 11705 | D:11     | Killed Harold
 11713 | D:11     | Noticed a two-headed ogre
 11754 | D:11     | Killed a two-headed ogre
 11769 | D:11     | Reached **** piety under Vehumet
 11914 | D:11     | Found a staircase to the Orcish Mines.
 11940 | D:11     | Offered knowledge of Sticky Flame by Vehumet.
 12318 | D:11     | Noticed a two-headed ogre
 12325 | D:11     | Killed a two-headed ogre
 12747 | D:11     | Reached skill level 5 in Evocations
 13547 | D:12     | Found Yxipnut's Gadget Shoppe.
 13612 | D:12     | Noticed Maurice
 13616 | D:12     | Killed Maurice
 15184 | D:12     | Reached XP level 13. HP: 78/78 MP: 25/25
 15195 | D:12     | Reached ***** piety under Vehumet
 15528 | D:13     | Offered knowledge of Iron Shot by Vehumet.
 15536 | D:13     | Learned a level 6 spell: Iron Shot
 15632 | D:13     | Found a blossoming altar of Fedhas.
 15846 | D:13     | Found a shadowy altar of Dithmenos.
 15863 | D:13     | Found Hiuf's General Store.
 16024 | D:13     | Noticed Josephine
 16032 | D:13     | Killed Josephine
 17886 | D:14     | Reached skill level 10 in Conjurations
 17906 | D:14     | Found a snail-covered altar of Cheibriados.
 18569 | D:14     | Found a gate to the Vaults.
 18759 | Lair:1   | Entered Level 1 of the Lair of Beasts
 19389 | Lair:1   | Gained mutation: Your large and strong wings let you fly
                  | indefinitely. [Gargoyle growth]
 19389 | Lair:1   | Reached XP level 14. HP: 77/86 MP: 6/27
 20012 | Lair:2   | Offered knowledge of Orb of Destruction by Vehumet.
 20021 | Lair:2   | Learned a level 7 spell: Orb of Destruction
 20104 | Lair:2   | Found a glowing golden altar of the Shining One.
 20119 | Lair:2   | Identified Neptogokh's Almanac of Moulding and Ignition
 20472 | Lair:3   | Got a jewelled falchion
 20473 | Lair:3   | Identified the +4 falchion of Wunob {venom, Str-4 Int+8}
                  | (You found it on level 3 of the Lair of Beasts)
 20532 | Lair:3   | Found a runed translucent gate.
 20533 | Lair:3   | Found a runed translucent gate.
 20536 | Lair:3   | Found a runed translucent gate.
 20551 | Lair:3   | Noticed Qocimuv's ghost (journeyman GrFi)
 20821 | Lair:3   | Got a steaming cloak
 20822 | Lair:3   | Identified the cursed +0 cloak of the Quahog {+Inv rF-
                  | Str+4 Dex+8} (You found it on level 3 of the Lair of
                  | Beasts)
 21011 | Lair:3   | Found a staircase to the Shoals.
 21398 | Lair:3   | Killed Qocimuv's ghost
 21801 | Lair:4   | Found a staircase to the Snake Pit.
 21903 | Lair:4   | Found a transporter.
 21907 | Lair:4   | Found a transporter.
 21907 | Lair:4   | Noticed Xupack's ghost (journeyman FoFi)
 21996 | Lair:4   | Found a frozen archway.
 22009 | IceCv    | Entered an ice cave
 22337 | IceCv    | Offered knowledge of Bolt of Magma by Vehumet.
 22344 | IceCv    | Learned a level 5 spell: Bolt of Magma
 22505 | IceCv    | Reached skill level 1 in Fire Magic
 22778 | IceCv    | Found an ancient bone altar of Kikubaaqudgha.
 23185 | IceCv    | Found the +0 pair of fencer's gloves {Riposte Dex+3}
 23831 | Lair:4   | Killed Xupack's ghost
 23831 | Lair:4   | Reached skill level 5 in Fire Magic
 24100 | Lair:4   | Gained mutation: You are clumsy. (Dex -2) [potion of
                  | mutation]
 24100 | Lair:4   | Gained mutation: Your flesh is heat resistant. (rF+)
                  | [potion of mutation]
 24953 | Lair:5   | Reached XP level 15. HP: 71/92 MP: 10/28
 25292 | Lair:5   | Found a staircase to the Slime Pits.
 25631 | Lair:6   | Entered Level 6 of the Lair of Beasts
 25778 | Lair:5   | Offered knowledge of Bolt of Fire by Vehumet.
 25798 | Lair:5   | Learned a level 6 spell: Bolt of Fire
 25839 | Lair:6   | Reached skill level 10 in Fire Magic
 26021 | Lair:6   | Reached skill level 10 in Fighting
 26661 | Lair:6   | Offered knowledge of Conjure Ball Lightning by Vehumet.
 26750 | Lair:6   | Reached skill level 10 in Spellcasting
 26768 | Lair:6   | Found a runed translucent door.
 27908 | Lair:6   | Reached XP level 16. HP: 98/98 MP: 18/30
 28678 | Orc:1    | Entered Level 1 of the Orcish Mines
 28753 | Orc:1    | Found a burning altar of Makhleb.
 29147 | Orc:2    | Entered Level 2 of the Orcish Mines
 29550 | Orc:2    | Reached ****** piety under Vehumet
 29725 | Orc:2    | Offered knowledge of Ozocubu's Refrigeration by Vehumet.
 30011 | Orc:2    | Noticed Snorg
 30014 | Orc:2    | Killed Snorg
 30022 | Orc:2    | Found a staircase to the Elven Halls.
 30054 | Orc:2    | Reached skill level 10 in Maces & Flails
 30434 | Orc:2    | Found a roughly hewn altar of Beogh.
 30553 | Orc:2    | Found Rooduysm's Gadget Shoppe.
 30553 | Orc:2    | Found Jocugg's Antique Weapon Shop.
 30791 | Orc:2    | Found Gevaec's Armour Shoppe.
 30791 | Orc:2    | Found Wohocl Kedo's Armour Shop.
 30820 | Orc:2    | Bought the +2 helmet of Meywoc {rF+ Int+6} for 575 gold
                  | pieces
 31240 | D:15     | Entered Level 15 of the Dungeon
 31548 | D:15     | Offered knowledge of Freezing Cloud by Vehumet.
 31883 | D:15     | Found Sogeathre's Gadget Shoppe.
 32561 | D:15     | Found a staircase to the Depths.
 32776 | Elf:1    | Entered Level 1 of the Elven Halls
 33052 | Elf:1    | Noticed Agnes
 33052 | Elf:1    | Noticed Frances
 33061 | Elf:1    | Killed Agnes
 33062 | Elf:1    | Killed Frances
 33577 | Elf:1    | Noticed Nikola
 33588 | Elf:1    | Killed Nikola
 33781 | Elf:1    | Reached XP level 17. HP: 100/104 MP: 3/31
 34289 | Elf:1    | Noticed Louise
 34299 | Elf:1    | Cast into level 3 of the Abyss (Louise)
 34353 | Abyss:3  | Noticed a tentacled starspawn
 34494 | Abyss:3  | Noticed a tentacled starspawn
 34506 | Abyss:3  | Killed a tentacled starspawn
 34583 | Abyss:3  | Noticed a bone dragon
 34588 | Abyss:3  | Killed a bone dragon
 34594 | Abyss:3  | Found a corrupted altar of Lugonu.
 34647 | Elf:1    | Escaped the Abyss
 34650 | Elf:1    | HP: 5/105 [Louise/+1 morningstar of freezing (11)]
 34650 | Elf:1    | HP: 2/105 [Louise/+1 morningstar of freezing (3)]
 35060 | Elf:1    | Killed Louise
 35092 | Elf:1    | Found a runed translucent door.
 35641 | Elf:1    | Identified Kikubaaqudgha's Volume of Necromancy
 36216 | Elf:2    | Found a runed translucent gate.
 36216 | Elf:2    | Found a runed translucent gate.
 36216 | Elf:2    | Found a runed translucent gate.
 36998 | Elf:3    | Entered Level 3 of the Elven Halls
 37716 | Elf:3    | Reached XP level 18. HP: 90/112 MP: 26/33
 38555 | Snake:1  | Entered Level 1 of the Snake Pit
 39721 | Snake:1  | Reached skill level 10 in Dodging
 40470 | Snake:2  | Found an opulent altar of Gozag.
 40558 | Snake:2  | Offered knowledge of Lehudib's Crystal Spear by Vehumet.
 40558 | Snake:2  | Offered knowledge of Shatter by Vehumet.
 40558 | Snake:2  | Offered knowledge of Ignition by Vehumet.
 40559 | Snake:2  | Noticed Vashnia
 40585 | Snake:2  | Killed Vashnia
 40967 | Snake:2  | Found a transporter.
 41106 | Snake:2  | Found a transporter.
 41109 | Snake:2  | Found a bloodstained altar of Trog.
 41110 | Snake:2  | Noticed kroki's ghost (adept HOFi)
 41111 | Snake:2  | Identified the +5 broad axe "Usemurgh" {antimagic, rElec
                  | rPois Int-3 Dex+3}
 41122 | Snake:2  | Identified the +6 whip of Untimely Demise {antimagic,
                  | Fragile Int+3 Dex+6}
 41385 | Snake:2  | Learned a level 8 spell: Ignition
 41771 | Snake:3  | Noticed Mara
 41990 | Snake:3  | Killed Mara
 42045 | Snake:3  | Reached skill level 15 in Earth Magic
 42883 | Snake:4  | Entered Level 4 of the Snake Pit
 43109 | Shoals:1 | Entered Level 1 of the Shoals
 43123 | Shoals:1 | Noticed Aizul
 43132 | Shoals:1 | Killed Aizul
 43132 | Shoals:1 | Reached XP level 19. HP: 118/118 MP: 2/34
 43271 | Shoals:1 | Found an ornate altar of the Wu Jian Council.
 43663 | Shoals:1 | Found a runed translucent gate.
 43663 | Shoals:1 | Found a runed translucent gate.
 43663 | Shoals:1 | Found a runed translucent gate.
 43667 | Shoals:1 | Noticed pentaxis93's ghost (journeyman MiFi)
 43667 | Shoals:1 | Noticed Wimimit's ghost (adept MiFi)
 46132 | Shoals:3 | Got a brightly glowing lapis lazuli ring
 46133 | Shoals:3 | Identified the ring of the Solstice {Ice +Blink +Inv MR-}
                  | (You found it on level 3 of the Shoals)
 47191 | Shoals:4 | Entered Level 4 of the Shoals
 47217 | Shoals:4 | Reached skill level 15 in Fire Magic
 47477 | Shoals:4 | Identified the +9 lajatang of Internal Strife {flame, rElec
                  | rC- Str+6} (You found it on level 4 of the Shoals)
 47819 | Shoals:4 | Got a barnacled rune of Zot
 48646 | Shoals:4 | Reached XP level 20. HP: 67/124 MP: 36/36
 49354 | Snake:3  | Upgraded the game from 0.24-a0-271-ga0fc33f724 to
                  | 0.24-a0-272-g14115134c2
 50085 | Snake:4  | Got a serpentine rune of Zot
 50474 | Snake:4  | Identified Roxanne's Guide on the Rocks
 50474 | Snake:4  | Noticed Roxanne
 50477 | Snake:4  | Noticed Armakuni's ghost (adept HuGl)
 50478 | Snake:4  | Killed Roxanne
 50513 | Snake:4  | Found a transporter.
 50536 | Snake:4  | Found a transporter.
 50557 | Snake:4  | Found Weriem's General Store.
 50694 | Snake:4  | Bought a scroll of identify for 34 gold pieces
 50694 | Snake:4  | Bought a scroll of identify for 34 gold pieces
 50948 | Snake:4  | Killed Armakuni's ghost
 51040 | Snake:4  | Identified the +8 quarterstaff "Peoned" {antimagic, -Tele
                  | rElec rN++ Stlth+} (You found it on level 4 of the Snake
                  | Pit)
 51043 | Snake:4  | Identified the Handbook of Helpful Ice
 51393 | Vaults:1 | Entered Level 1 of the Vaults
 51612 | Vaults:1 | Noticed Donald
 51647 | Vaults:1 | Found a flickering gateway to a bazaar.
 51666 | Bazaar   | Entered a bazaar
 51669 | Bazaar   | Found Xeijeis's General Store.
 51677 | Bazaar   | Found Yczas's Magic Scroll Emporium.
 51705 | Bazaar   | Found Kicy's Book Shoppe.
 51710 | Bazaar   | Found Silucy's Armour Shoppe.
 51717 | Bazaar   | Found Syunaol's Gadget Shoppe.
 51824 | Bazaar   | Bought a scroll of summoning for 66 gold pieces
 51824 | Bazaar   | Bought a scroll of brand weapon for 140 gold pieces
 51838 | Bazaar   | Bought a scroll of identify for 30 gold pieces
 51838 | Bazaar   | Bought a scroll of fog for 30 gold pieces
 51838 | Bazaar   | Bought a scroll of identify for 30 gold pieces
 51838 | Bazaar   | Bought a scroll of identify for 30 gold pieces
 51838 | Bazaar   | Bought a scroll of identify for 30 gold pieces
 51838 | Bazaar   | Bought a scroll of identify for 30 gold pieces
 51860 | Vaults:1 | Reached XP level 21. HP: 130/132 MP: 33/37
 52268 | Vaults:1 | Learned a level 9 spell: Shatter
 52583 | Vaults:1 | Killed Donald
 53830 | Vaults:2 | Reached skill level 15 in Conjurations
 54268 | Vaults:2 | Noticed Frederick
 54272 | Vaults:2 | Killed Frederick
 54936 | Vaults:3 | You are sucked into a shaft!
 55126 | Vaults:3 | Reached XP level 22. HP: 138/138 MP: 39/39
 55168 | Vaults:3 | Identified the +0 leather armour of the Cicada {rC++ Dex+6}
                  | (You found it on level 3 of the Vaults)
 55388 | Vaults:3 | Found a staircase to the Crypt.
 56431 | Vaults:3 | Found a blossoming altar of Fedhas.
 56641 | Vaults:3 | Reached skill level 15 in Fighting
 57496 | Vaults:4 | Noticed Boris
 57515 | Vaults:4 | Killed Boris
 58130 | Vaults:4 | Reached XP level 23. HP: 143/144 MP: 27/41
 59319 | Vaults:4 | Reached skill level 15 in Spellcasting
 59496 | Vaults:5 | Entered Level 5 of the Vaults
 59498 | Vaults:5 | Noticed a golden dragon
 59503 | Vaults:5 | Killed a golden dragon
 59680 | Vaults:5 | Noticed an ancient lich
 60284 | Vaults:5 | Noticed an ancient lich
 60720 | Vaults:5 | Reached XP level 24. HP: 152/152 MP: 42/42
 60721 | Vaults:5 | Killed an ancient lich
 60722 | Vaults:5 | Killed an ancient lich
 61530 | Vaults:5 | Identified the ring of Ziaxkuil {Fire rPois MR- Str+10
                  | Dex+6}
 61559 | Vaults:5 | Identified the cursed +0 dagger of the Coin {pierce, *Slow
                  | Int+7 Dex+4 Stlth-}
 61794 | Vaults:5 | Identified the +3 leather armour of Impressiveness {+Fly
                  | rPois Regen+}
 62997 | Vaults:5 | Got a silver rune of Zot
 63050 | Vaults:5 | Noticed Boris
 63060 | Vaults:5 | Killed Boris
 63060 | Vaults:5 | Reached skill level 1 in Shields
 64857 | Elf:3    | Reached XP level 25. HP: 49/159 MP: 25/43
 65163 | Elf:3    | Identified the cursed +0 hand axe of Imminent Death {chaos,
                  | rElec rN+ Str+3 Dex+3}
 65163 | Elf:3    | Identified the ring of Hast {Str+4 Stlth-}
 65242 | Elf:3    | Identified The Second Course in Secret Knowledge
 65289 | Elf:3    | Identified the ring of Knowledge {+Inv rN+ MR+ Str+5}
 65309 | Elf:3    | Identified the +4 pair of gloves "Seutzeup" {-Cast +Fly
                  | Str+3 Slay+2} (You found it on level 3 of the Elven Halls)
 65365 | Elf:3    | Identified the Incunabulum of Flames and Boosts
 65384 | Elf:3    | Got a brightly glowing diamond amulet
 65385 | Elf:3    | Identified the amulet of Internal Strife {Inacc rF+ rN+}
                  | (You found it on level 3 of the Elven Halls)
 66497 | Slime:1  | Entered Level 1 of the Pits of Slime
 66956 | Slime:5  | Entered Level 5 of the Pits of Slime
 67227 | Slime:5  | Noticed the Royal Jelly
 67235 | Slime:5  | Killed the Royal Jelly
 67435 | Slime:5  | Got a slimy rune of Zot
 67769 | Slime:1  | Gained mutation: You are dopey. (Int -2) [a shining eye]
 67769 | Slime:1  | Gained mutation: You are frail. (-10% HP) [a shining eye]
 67770 | Slime:1  | Gained mutation: You are very frail. (-20% HP) [a shining
                  | eye]
 67773 | Slime:1  | Lost mutation: You are clumsy. (Dex -2) [potion of
                  | mutation]
 67773 | Slime:1  | Lost mutation: You are very frail. (-20% HP) [potion of
                  | mutation]
 67773 | Slime:1  | Lost mutation: You are frail. (-10% HP) [potion of
                  | mutation]
 67773 | Slime:1  | Lost mutation: Your flesh is heat resistant. (rF+) [potion
                  | of mutation]
 67773 | Slime:1  | Gained mutation: Your body sometimes deteriorates upon
                  | taking damage. [potion of mutation]
 67773 | Slime:1  | Gained mutation: You expend magic power (3 MP) to
                  | strengthen your wands. [potion of mutation]
 67773 | Slime:1  | Gained mutation: Potions are less effective at restoring
                  | your health. [potion of mutation]
 67773 | Slime:1  | Gained mutation: Your spells are a little harder to cast,
                  | but a little more powerful. [potion of mutation]
 67897 | Lair:5   | Lost mutation: You are dopey. (Int -2) [potion of mutation]
 67897 | Lair:5   | Lost mutation: Your body sometimes deteriorates upon taking
                  | damage. [potion of mutation]
 67897 | Lair:5   | Lost mutation: Potions are less effective at restoring your
                  | health. [potion of mutation]
 67897 | Lair:5   | Gained mutation: You do not regenerate when monsters are
                  | visible. [potion of mutation]
 67897 | Lair:5   | Lost mutation: Your spells are a little harder to cast, but
                  | a little more powerful. [potion of mutation]
 67897 | Lair:5   | Gained mutation: You are partially covered in yellow
                  | scales. (AC +2) [potion of mutation]
 67897 | Lair:5   | Gained mutation: Your muscles are strong. (Str +2) [potion
                  | of mutation]
 68222 | Crypt:1  | Entered Level 1 of the Crypt
 70835 | Crypt:2  | Reached XP level 26. HP: 166/166 MP: 17/44
 71679 | Crypt:3  | Entered Level 3 of the Crypt
 72928 | Crypt:3  | Identified the +12 spear of the Gloaming {drain, rElec
                  | Str+4 Int-4 Dex-4}
 73045 | Crypt:3  | Found a staircase to the Tomb.
 74150 | Crypt:3  | Noticed a greater mummy
 74154 | Crypt:3  | Killed a greater mummy
 75040 | Crypt:3  | Found a staircase to the Tomb.
 75759 | Depths:1 | Entered Level 1 of the Depths
 75866 | Depths:1 | Found a gateway to Hell.
 75995 | Depths:1 | Identified the +6 chain mail "Carioxt" {Dex+3}
 76010 | Depths:1 | Noticed Saint Roka
 76211 | Depths:1 | Killed Saint Roka
 76404 | Depths:1 | Found Butay's Antique Armour Shop.
 76410 | Depths:1 | Bought a pair of heavily runed boots for 370 gold pieces
 76420 | Depths:1 | Identified the +2 pair of boots "Keits" {Int+3 Slay+2 SInv}
                  | (You bought it in a shop on level 1 of the Depths)
 76421 | Depths:1 | Found Zamuab Loah's Book Boutique.
 76427 | Depths:1 | Bought a book of Annihilations for 2649 gold pieces
 76437 | Depths:1 | Learned a level 9 spell: Fire Storm
 77349 | Depths:2 | Found Zadus's General Store.
 77355 | Depths:2 | Bought a potion of resistance for 150 gold pieces
 77355 | Depths:2 | Bought a scroll of identify for 30 gold pieces
 77430 | Depths:2 | Found the +10 Black Knight's horse barding {ponderous,
                  | rPois rN+}
 77605 | Depths:2 | Found a one-way gate leading to the halls of Pandemonium.
 78123 | Depths:2 | Noticed a juggernaut
 78131 | Depths:2 | Killed a juggernaut
 78743 | Depths:2 | Got a transparent lead ring
 78744 | Depths:2 | Identified the ring of Vuciuff {Str-4 Dex+8 SInv Stlth+}
                  | (You found it on level 2 of the Depths)
 78752 | Depths:2 | Identified the +3 buckler of the Sturgeon {Regen+} (You
                  | found it on level 2 of the Depths)
 78800 | Depths:3 | Found a runed translucent gate.
 78801 | Depths:3 | Found a runed translucent gate.
 78801 | Depths:3 | Found a runed translucent gate.
 78801 | Depths:3 | Noticed an ancient lich
 78802 | Depths:3 | Found an ancient bone altar of Kikubaaqudgha.
 78802 | Depths:3 | Noticed an ancient lich
 78802 | Depths:3 | Noticed an ancient lich
 78802 | Depths:3 | Noticed Flugkiller's ghost (veteran DEFE)
 78854 | Depths:3 | Found a one-way gate to the infinite horrors of the Abyss.
 78887 | Depths:3 | Found a magical portal.
 78896 | WizLab   | Entered Cigotuvi's Fleshworks
 78932 | WizLab   | Reached XP level 27. HP: 173/173 MP: 36/45
 79262 | WizLab   | Paralysed by a floating eye for 2 turns
 79345 | WizLab   | Got a vibrating bone ring
 79346 | WizLab   | Identified the ring "Guheeg" {Wiz rF+} (You found it in a
                  | wizard's laboratory)
 79762 | WizLab   | Identified Cigotuvi's Volume of Unholy Transmutation
 80011 | Depths:3 | Noticed Jory
 80015 | Depths:3 | Killed Jory
 80902 | Depths:3 | Noticed Bai Suzhen
 80906 | Depths:3 | Killed Bai Suzhen
 81059 | Depths:3 | Found a runed translucent gate.
 81059 | Depths:3 | Found a runed translucent gate.
 81059 | Depths:3 | Found a runed translucent gate.
 81114 | Depths:3 | Found a runed translucent gate.
 81114 | Depths:3 | Found a runed translucent gate.
 81114 | Depths:3 | Found a runed translucent gate.
 81483 | Depths:3 | Reached skill level 15 in Dodging
 81484 | Depths:3 | Killed an ancient lich
 81484 | Depths:3 | Killed an ancient lich
 81486 | Depths:3 | Killed Flugkiller's ghost
 81486 | Depths:3 | Killed an ancient lich
 81630 | Depths:3 | Got a shimmering granite ring
 81631 | Depths:3 | Identified the ring of Qazlal's Fury {rN++ AC+5 Str-2} (You
                  | found it on level 3 of the Depths)
 81638 | Depths:3 | Identified the cursed -4 pair of boots of Pandemonium {rF+
                  | Dex+3} (You found it on level 3 of the Depths)
 81781 | Depths:4 | Noticed a juggernaut
 81784 | Depths:4 | Killed a juggernaut
 83786 | Depths:4 | Found a gateway to a ziggurat.
 84257 | Depths:5 | Entered Level 5 of the Depths
 84404 | Depths:5 | Found a flickering gateway to a bazaar.
 84410 | Bazaar   | Entered a bazaar
 84410 | Bazaar   | Found Haodghad's Gadget Emporium.
 84628 | Bazaar   | Found Enkod's Distillery.
 84636 | Bazaar   | Found Vicom's Antique Armour Shop.
 84662 | Bazaar   | Found Hiddyon's General Store.
 84674 | Bazaar   | Bought a scroll of teleportation for 30 gold pieces
 84674 | Bazaar   | Bought a scroll of identify for 20 gold pieces
 84674 | Bazaar   | Bought a scroll of teleportation for 30 gold pieces
 84674 | Bazaar   | Found Momus's Antique Weapon Boutique.
 84718 | Bazaar   | Bought a potion of curing for 45 gold pieces
 84718 | Bazaar   | Bought a potion of resistance for 150 gold pieces
 84718 | Bazaar   | Bought a potion of curing for 45 gold pieces
 84718 | Bazaar   | Bought a potion of ambrosia for 120 gold pieces
 84718 | Bazaar   | Bought a potion of curing for 45 gold pieces
 84718 | Bazaar   | Bought a potion of haste for 150 gold pieces
 84718 | Bazaar   | Bought 2 potions of might for 120 gold pieces
 84718 | Bazaar   | Bought a potion of haste for 150 gold pieces
 84718 | Bazaar   | Bought a potion of haste for 150 gold pieces
 84718 | Bazaar   | Bought a potion of invisibility for 120 gold pieces
 84718 | Bazaar   | Bought a potion of resistance for 150 gold pieces
 84726 | Bazaar   | Bought an ichor-stained shield for 199 gold pieces
 84726 | Bazaar   | Identified the cursed +0 shield "Wiwnooq" {+Fly rC- Str+3
                  | Stlth+} (You bought it in a shop in a bazaar)
 85566 | Depths:5 | Found a gate to the Realm of Zot.
 86019 | Zig:1    | Entered Level 1 of a ziggurat
 86154 | Zig:2    | Entered Level 2 of a ziggurat
 86316 | Zig:2    | Learned a level 9 spell: Glaciate
 86345 | Zig:2    | Learned a level 8 spell: Necromutation
 86349 | Zig:3    | Entered Level 3 of a ziggurat
 86397 | Zig:4    | Entered Level 4 of a ziggurat
 86402 | Zig:4    | Reached skill level 1 in Necromancy
 86402 | Zig:4    | Reached skill level 1 in Ice Magic
 86437 | Zig:5    | Entered Level 5 of a ziggurat
 86461 | Zig:6    | Entered Level 6 of a ziggurat
 86598 | Zig:7    | Entered Level 7 of a ziggurat
 86636 | Zig:7    | Got a clouded copper ring
 86637 | Zig:7    | Identified the ring "Yrhumeav" {MR++ SInv} (You found it on
                  | level 7 of a ziggurat)
 86689 | Zig:7    | Got a flickering tin amulet
 86690 | Zig:7    | Identified the amulet "Sizyv" {Acrobat Fragile MR++} (You
                  | found it on level 7 of a ziggurat)
 86698 | Zig:8    | Entered Level 8 of a ziggurat
 86793 | Zig:9    | Entered Level 9 of a ziggurat
 86804 | Zig:9    | Found the +7 great mace "Undeadhunter" {disrupt, rN+}
 86825 | Zig:9    | Identified the Compendium of the New World
 86860 | Zig:10   | Entered Level 10 of a ziggurat
 86872 | Zig:10   | Reached skill level 5 in Ice Magic
 87007 | Zig:10   | Got a shimmering morningstar
 87008 | Zig:10   | Identified the +8 morningstar of Capital Punishment {crush,
                  | rPois rF+ Int-2} (You found it on level 10 of a ziggurat)
 87010 | Zig:10   | Identified the cursed +0 robe of Lifelessness {MP-9 Dex+6
                  | SInv} (You found it on level 10 of a ziggurat)
 87047 | Zig:11   | Entered Level 11 of a ziggurat
 87079 | Zig:11   | Identified the Handbook of the Ancient Wishes
 87087 | Zig:11   | Got a heavily runed golden ring
 87088 | Zig:11   | Identified the ring "Nyitzel" {MR+ Slay+2} (You found it on
                  | level 11 of a ziggurat)
 87109 | Zig:12   | Entered Level 12 of a ziggurat
 87123 | Zig:12   | Reached skill level 5 in Necromancy
 87150 | Zig:12   | Identified the Compendium of the Birds
 87179 | Zig:13   | Entered Level 13 of a ziggurat
 87208 | Zig:13   | Found the +8 lance "Wyrmbane" {slay drac, rPois rF+ rC+
                  | AC+3}
 87346 | Zig:13   | Reached skill level 10 in Ice Magic
 87349 | Zig:13   | Identified the +1 buckler of the King of the Hill {rCorr}
                  | (You found it on level 13 of a ziggurat)
 87366 | Zig:14   | Entered Level 14 of a ziggurat
 87376 | Zig:14   | Noticed Loroel the pandemonium lord
 87396 | Zig:14   | Killed Loroel the pandemonium lord
 87758 | Zig:15   | Entered Level 15 of a ziggurat
 87776 | Zig:15   | Noticed an orb of fire
 87778 | Zig:15   | Gained mutation: You are occasionally teleported next to
                  | monsters. [an orb of fire]
 87780 | Zig:15   | Killed an orb of fire
 87789 | Zig:15   | Found the +2 pair of boots of the Assassin {Detection Stab+
                  | Stlth++}
 87789 | Zig:15   | Found the +7 sceptre of Torment {pain, torment}
 87952 | Zig:16   | Entered Level 16 of a ziggurat
 87968 | Zig:16   | Reached skill level 15 in Ice Magic
 88203 | Zig:16   | Identified the Grimoire of Objectivity
 88205 | Zig:16   | Identified the Collected Works on Cloudy Augmentations
 88228 | Zig:17   | Entered Level 17 of a ziggurat
 88236 | Zig:17   | Noticed Kokoug the pandemonium lord
 88238 | Zig:17   | Noticed Ilityl the pandemonium lord
 88239 | Zig:17   | Killed Kokoug the pandemonium lord
 88240 | Zig:17   | Killed Ilityl the pandemonium lord
 88241 | Zig:17   | Noticed Byisoi the pandemonium lord
 88242 | Zig:17   | Noticed Qinnuruw the pandemonium lord
 88242 | Zig:17   | Noticed Furruan the pandemonium lord
 88244 | Zig:17   | Killed Qinnuruw the pandemonium lord
 88248 | Zig:17   | Killed Byisoi the pandemonium lord
 88248 | Zig:17   | Reached skill level 10 in Necromancy
 88249 | Zig:17   | Killed Furruan the pandemonium lord
 88420 | Zig:17   | Identified Maclakhenk's Almanac of Flight
 88438 | Zig:17   | Got a scorched golden ring
 88442 | Zig:17   | Identified the ring of Heresy {+Fly Int+5} (You found it on
                  | level 17 of a ziggurat)
 88448 | Zig:17   | Got a bound amber ring
 88451 | Zig:17   | Identified the ring of the Lumpy Curses {Wiz *Corrode Dex+3
                  | SInv} (You found it on level 17 of a ziggurat)
 88462 | Zig:17   | Got a coiled lapis lazuli ring
 88463 | Zig:17   | Identified the cursed ring "Woan" {rF+ MR+ Int-2} (You
                  | found it on level 17 of a ziggurat)
 88473 | Zig:18   | Entered Level 18 of a ziggurat
 88484 | Zig:18   | Noticed a juggernaut
 88488 | Zig:18   | Noticed a juggernaut
 88489 | Zig:18   | Killed a juggernaut
 88489 | Zig:18   | Killed a juggernaut
 88523 | Zig:18   | Found the +7 great mace "Firestarter" {inner flame, rF++}
 88567 | Zig:19   | Entered Level 19 of a ziggurat
 88603 | Zig:19   | Found the +2 robe of Vines {NoPotionHeal Regen+7}
 88744 | Zig:19   | Identified the +1 pair of gloves "Neot" {-Cast rCorr MP+9
                  | Dex+10} (You found it on level 19 of a ziggurat)
 88746 | Zig:19   | Identified the amulet "Peimnymn" {Faith SInv} (You found it
                  | on level 19 of a ziggurat)
 88799 | Zig:20   | Entered Level 20 of a ziggurat
 88828 | Zig:20   | Reached skill level 15 in Necromancy
 89049 | Zig:20   | Found the amulet of Vitality {Regen+ HP+15}
 89057 | Zig:20   | Identified the ring "Weciru" {Ice MR+} (You found it on
                  | level 20 of a ziggurat)
 89074 | Zig:20   | Lost mutation: You are occasionally teleported next to
                  | monsters. [potion of mutation]
 89074 | Zig:20   | Lost mutation: You expend magic power (3 MP) to strengthen
                  | your wands. [potion of mutation]
 89074 | Zig:20   | Gained mutation: You expend magic power (3 MP) to
                  | strengthen your wands. [potion of mutation]
 89074 | Zig:20   | Gained mutation: You have a pair of small antennae on your
                  | head. [potion of mutation]
 89075 | Zig:20   | Lost mutation: You have a pair of small antennae on your
                  | head. [potion of mutation]
 89075 | Zig:20   | Lost mutation: You expend magic power (3 MP) to strengthen
                  | your wands. [potion of mutation]
 89075 | Zig:20   | Lost mutation: Your muscles are strong. (Str +2) [potion of
                  | mutation]
 89075 | Zig:20   | Lost mutation: You do not regenerate when monsters are
                  | visible. [potion of mutation]
 89075 | Zig:20   | Gained mutation: Your spells are a little easier to cast,
                  | but a little less powerful. [potion of mutation]
 89075 | Zig:20   | Gained mutation: You are resistant to hostile enchantments.
                  | (MR+) [potion of mutation]
 89075 | Zig:20   | Gained mutation: You are robust. (+10% HP) [potion of
                  | mutation]
 89076 | Zig:20   | Lost mutation: You are robust. (+10% HP) [potion of
                  | mutation]
 89076 | Zig:20   | Lost mutation: You are resistant to hostile enchantments.
                  | (MR+) [potion of mutation]
 89076 | Zig:20   | Lost mutation: Your spells are a little easier to cast, but
                  | a little less powerful. [potion of mutation]
 89076 | Zig:20   | Gained mutation: You are dopey. (Int -2) [potion of
                  | mutation]
 89076 | Zig:20   | Gained mutation: You are agile. (Dex +2) [potion of
                  | mutation]
 89101 | Zig:20   | Identified the +2 robe of Qakky Liups {rPois rF- Str+4
                  | Dex+5} (You found it on level 20 of a ziggurat)
 89121 | Zig:21   | Entered Level 21 of a ziggurat
 89152 | Zig:21   | Noticed an ancient lich
 89156 | Zig:21   | Killed an ancient lich
 89415 | Zig:21   | Identified Sif Muna's Catalogue of Companions and Heat
 89421 | Zig:21   | Identified the +2 pair of boots of Hepliaklqana's Envy
                  | {-Tele rN+ MR++} (You found it on level 21 of a ziggurat)
 89442 | Zig:22   | Entered Level 22 of a ziggurat
 89708 | Zig:22   | Got a clouded iron ring
 89709 | Zig:22   | Identified the ring of Iffavaod {Wiz Stlth+} (You found it
                  | on level 22 of a ziggurat)
 89721 | Zig:23   | Entered Level 23 of a ziggurat
 90061 | Zig:24   | Entered Level 24 of a ziggurat
 90084 | Zig:24   | Noticed a juggernaut
 90084 | Zig:24   | Noticed a juggernaut
 90084 | Zig:24   | Noticed a juggernaut
 90087 | Zig:24   | Noticed a juggernaut
 90088 | Zig:24   | Noticed a juggernaut
 90088 | Zig:24   | Killed a juggernaut
 90089 | Zig:24   | Killed a juggernaut
 90089 | Zig:24   | Killed a juggernaut
 90091 | Zig:24   | Killed a juggernaut
 90091 | Zig:24   | Killed a juggernaut
 90095 | Zig:24   | Noticed a juggernaut
 90106 | Zig:24   | Killed a juggernaut
 90280 | Zig:24   | Identified the Incunabulum of Boosts
 90330 | Zig:24   | Identified the cursed -5 shield "Tugismi" {+Fly rN+ rCorr
                  | Int-4 Dex+4} (You found it on level 24 of a ziggurat)
 90354 | Zig:25   | Entered Level 25 of a ziggurat
 90376 | Zig:25   | Noticed an ancient lich
 90386 | Zig:25   | Killed an ancient lich
 90388 | Zig:25   | Noticed an ancient lich
 90388 | Zig:25   | Noticed an ancient lich
 90390 | Zig:25   | Killed an ancient lich
 90391 | Zig:25   | Killed an ancient lich
 90513 | Zig:25   | Got a sparkling platinum ring
 90514 | Zig:25   | Identified the ring of Voejas {rPois rN+} (You found it on
                  | level 25 of a ziggurat)
 90567 | Zig:25   | Identified the +0 robe of the Valley {rC+++ rCorr Str+7
                  | Int-5} (You found it on level 25 of a ziggurat)
 90572 | Zig:26   | Entered Level 26 of a ziggurat
 90625 | Zig:26   | Paralysed by accursed screaming for 1 turns
 90947 | Zig:26   | Found the +2 hat of the Bear Spirit {Spirit, +Rage rN+
                  | MR++}
 90965 | Zig:26   | Identified the amulet "Noqe" {Reflect rElec rC+ Str+3 SH+2}
                  | (You found it on level 26 of a ziggurat)
 90982 | Zig:26   | Identified the amulet "Munkuw" {Acrobat +Fly rF- Str-2
                  | Int+6} (You found it on level 26 of a ziggurat)
 90999 | Zig:26   | Identified the amulet of Suspected Treachery {Harm *Drain
                  | rF+ rC+ Str+5} (You found it on level 26 of a ziggurat)
 91025 | Zig:27   | Entered Level 27 of a ziggurat
 91041 | Zig:27   | Noticed a juggernaut
 91045 | Zig:27   | Noticed a juggernaut
 91045 | Zig:27   | Noticed a juggernaut
 91045 | Zig:27   | Noticed a juggernaut
 91047 | Zig:27   | Noticed a juggernaut
 91047 | Zig:27   | Noticed a juggernaut
 91048 | Zig:27   | Noticed a juggernaut
 91049 | Zig:27   | Noticed a juggernaut
 91051 | Zig:27   | Killed a juggernaut
 91051 | Zig:27   | Noticed a juggernaut
 91052 | Zig:27   | Noticed a juggernaut
 91052 | Zig:27   | Killed a juggernaut
 91052 | Zig:27   | Killed a juggernaut
 91052 | Zig:27   | Killed a juggernaut
 91052 | Zig:27   | Killed a juggernaut
 91053 | Zig:27   | Killed a juggernaut
 91053 | Zig:27   | Killed a juggernaut
 91054 | Zig:27   | Killed a juggernaut
 91054 | Zig:27   | Killed a juggernaut
 91054 | Zig:27   | Killed a juggernaut
 91055 | Zig:27   | Noticed a juggernaut
 91059 | Zig:27   | Killed a juggernaut
 91098 | Zig:27   | Found the +3 warlock's mirror {reflect}
 91099 | Zig:27   | Found the +6 lightning scales {run, rElec}
 91104 | Zig:27   | Identified the Reference Book on Combat Magic
 91139 | Zig:27   | Identified the Papyrus of Hurtful Toxins
 91157 | Zig:27   | Identified An Early Guide to Theurgy
 91441 | Zot:1    | Entered Level 1 of the Realm of Zot
 91718 | Zot:1    | Noticed an orb of fire
 91723 | Zot:1    | Killed an orb of fire
 91798 | Zot:1    | Noticed an orb of fire
 91800 | Zot:1    | Gained mutation: Armour fits poorly on your strangely
                  | shaped body. [an orb of fire]
 91808 | Zot:1    | Gained mutation: Scrolls take you a little longer to read.
                  | [an orb of fire]
 91812 | Zot:1    | Killed an orb of fire
 92117 | Zot:1    | Noticed an orb of fire
 92121 | Zot:1    | Killed an orb of fire
 92341 | Zot:1    | Lost mutation: You are agile. (Dex +2) [potion of mutation]
 92341 | Zot:1    | Lost mutation: Scrolls take you a little longer to read.
                  | [potion of mutation]
 92341 | Zot:1    | Gained mutation: You are agile. (Dex +2) [potion of
                  | mutation]
 92341 | Zot:1    | Gained mutation: Your body sometimes deteriorates upon
                  | taking damage. [potion of mutation]
 92341 | Zot:1    | Gained mutation: You have supernaturally acute eyesight.
                  | (SInv) [potion of mutation]
 92342 | Zot:1    | Lost mutation: Armour fits poorly on your strangely shaped
                  | body. [potion of mutation]
 92342 | Zot:1    | Lost mutation: You are dopey. (Int -2) [potion of mutation]
 92342 | Zot:1    | Gained mutation: You possess an exceptional clarity of
                  | mind. [potion of mutation]
 97291 | Zot:5    | Entered Level 5 of the Realm of Zot
 97298 | Zot:5    | Upgraded the game from 0.24-a0-272-g14115134c2 to
                  | 0.24-a0-274-gb3763e6d51
 97836 | Zot:5    | Noticed an orb of fire
 97842 | Zot:5    | Killed an orb of fire
 98022 | Zot:5    | Noticed an orb of fire
 98024 | Zot:5    | Noticed an ancient lich
 98024 | Zot:5    | Noticed an ancient lich
 98030 | Zot:5    | Killed an orb of fire
 98031 | Zot:5    | Killed an ancient lich
 98031 | Zot:5    | Killed an ancient lich
 98033 | Zot:5    | Noticed an orb of fire
 98036 | Zot:5    | Gained mutation: Your body often deteriorates upon taking
                  | damage. [an orb of fire]
 98039 | Zot:5    | Killed an orb of fire
 98040 | Zot:5    | Noticed an ancient lich
 98041 | Zot:5    | Noticed an ancient lich
 98041 | Zot:5    | Noticed an ancient lich
 98041 | Zot:5    | Noticed an orb of fire
 98045 | Zot:5    | Noticed an ancient lich
 98078 | Zot:5    | Lost mutation: You are agile. (Dex +2) [an orb of fire]
 98328 | Zot:5    | Killed an orb of fire
 98365 | Zot:5    | Killed an ancient lich
 98400 | Zot:5    | Killed an ancient lich
 98434 | Zot:5    | Killed an ancient lich
 99445 | Zot:5    | Killed an ancient lich
100970 | Zig:6    | Found the +0 mask of the Dragon {MR+ Slay+3 SInv}
101378 | Zig:8    | Got a glittering tin ring
101379 | Zig:8    | Identified the ring "Yqoqah" {+Fly Str+8 Int-3} (You found
                  | it on level 8 of a ziggurat)
101416 | Zig:9    | Noticed Madussu the pandemonium lord
101419 | Zig:9    | Noticed Kareylyrch the pandemonium lord
101431 | Zig:9    | Killed Madussu the pandemonium lord
101435 | Zig:9    | Killed Kareylyrch the pandemonium lord
101502 | Zig:9    | Identified Unguxi's Catalogue of Captivating Summoning
101507 | Zig:9    | Identified the Handbook of the Spatial Frostbite
101582 | Zig:10   | Got a fine lead ring
101583 | Zig:10   | Identified the ring "Icutar" {Int-3 Dex+3 Slay+2 Stlth-}
                  | (You found it on level 10 of a ziggurat)
101620 | Zig:11   | Found the cursed +14 obsidian axe {chop, +Fly SInv *Curse}
101725 | Zig:11   | Got a scintillating amber ring
101726 | Zig:11   | Identified the ring "Cockilia" {*Drain rN+++ MP+9 Dex+2
                  | SInv} (You found it on level 11 of a ziggurat)
101737 | Zig:11   | Identified the Handbook of Perfectionism
101740 | Zig:11   | Got a vibrating tin ring
101741 | Zig:11   | Identified the ring of the Meadowlark {Fire Str+2} (You
                  | found it on level 11 of a ziggurat)
101749 | Zig:12   | Noticed a greater mummy
101751 | Zig:12   | Noticed a greater mummy
101751 | Zig:12   | Noticed a greater mummy
101753 | Zig:12   | Noticed a greater mummy
101754 | Zig:12   | Killed a greater mummy
101755 | Zig:12   | Killed a greater mummy
101755 | Zig:12   | Killed a greater mummy
101755 | Zig:12   | Noticed a greater mummy
101757 | Zig:12   | Killed a greater mummy
101761 | Zig:12   | Killed a greater mummy
101861 | Zig:12   | Got a slimy silver ring
101862 | Zig:12   | Identified the ring of Ugube {Wiz rElec} (You found it on
                  | level 12 of a ziggurat)
101876 | Zig:12   | Identified A Primer on the Arcane Arts
101897 | Zig:13   | Noticed an ancient lich
101898 | Zig:13   | Killed an ancient lich
101919 | Zig:13   | Found the amulet of the Air {Inacc +Fly rElec EV+5 RMsl}
101940 | Zig:13   | Got a warped amber ring
101941 | Zig:13   | Identified the ring "Hizi" {+Fly MP+9 Str-2 Dex+4} (You
                  | found it on level 13 of a ziggurat)
101943 | Zig:13   | Identified Nyenolas's Intricacies of Witchcraft
102129 | Zig:15   | Found the +4 dagger "Morg" {pain, MR+ Int+5}
102292 | Zig:15   | Got a wavering lapis lazuli ring
102293 | Zig:15   | Identified the cursed ring of Umeodghe {Str+3 Int-3} (You
                  | found it on level 15 of a ziggurat)
102318 | Zig:15   | Got a twitching lapis lazuli ring
102319 | Zig:15   | Identified the ring "Aluruwah" {+Fly rF- rC+ Str+5} (You
                  | found it on level 15 of a ziggurat)
102322 | Zig:15   | Got a polished demon blade
102404 | Zig:16   | Identified Lixoll's Grimoire of Frigorific Combat Magic
102542 | Zig:17   | Found the ring of Shadows {Umbra +Inv Stlth+}
102651 | Zig:17   | Got a flickering turquoise ring
102652 | Zig:17   | Identified the ring "Vucific" {+Fly rElec MP+9 Str+5 Int-2}
                  | (You found it on level 17 of a ziggurat)
102664 | Zig:17   | Got a slimy bronze amulet
102665 | Zig:17   | Identified the amulet of Maufolen {+Rage rF+ Int+5} (You
                  | found it on level 17 of a ziggurat)
102836 | Zig:18   | Got a fine silver ring
102837 | Zig:18   | Identified the ring of the Jackalope {rN++ Stlth-} (You
                  | found it on level 18 of a ziggurat)
102857 | Zig:18   | Got a warped glass ring
102858 | Zig:18   | Identified the ring "Zyfruro" {rElec rF+ rN+ Slay+2 Stlth+}
                  | (You found it on level 18 of a ziggurat)
102898 | Zig:19   | Found the +6 shillelagh "Devastator" {shatter}
103069 | Zig:19   | Identified the Tome of Cloudy Flames
103078 | Zig:19   | Identified the Compendium of Arcane Weapons
103093 | Zig:19   | Got a glittering lead ring
103094 | Zig:19   | Identified the ring of Amorality {Ice rPois Str+9 Int+3
                  | Stlth-} (You found it on level 19 of a ziggurat)
103106 | Zig:20   | Noticed Hahuk the pandemonium lord
103107 | Zig:20   | Noticed Coujyfo the pandemonium lord
103107 | Zig:20   | Noticed Goenoofi the pandemonium lord
103107 | Zig:20   | Noticed Itanad the pandemonium lord
103108 | Zig:20   | Noticed Hiamyhao the pandemonium lord
103109 | Zig:20   | Noticed Gemozoli the pandemonium lord
103110 | Zig:20   | Killed Itanad the pandemonium lord
103110 | Zig:20   | Noticed Zaoschene the pandemonium lord
103110 | Zig:20   | Noticed Oneoxoaw the pandemonium lord
103111 | Zig:20   | Killed Hiamyhao the pandemonium lord
103112 | Zig:20   | Killed Gemozoli the pandemonium lord
103112 | Zig:20   | Killed Goenoofi the pandemonium lord
103112 | Zig:20   | Noticed Empanich the pandemonium lord
103112 | Zig:20   | Noticed Feorr the pandemonium lord
103113 | Zig:20   | Killed Hahuk the pandemonium lord
103115 | Zig:20   | Killed Zaoschene the pandemonium lord
103115 | Zig:20   | Noticed Iclaicim the pandemonium lord
103116 | Zig:20   | Killed Oneoxoaw the pandemonium lord
103116 | Zig:20   | Killed Feorr the pandemonium lord
103116 | Zig:20   | Noticed Oqurph the pandemonium lord
103117 | Zig:20   | Killed Coujyfo the pandemonium lord
103117 | Zig:20   | Killed Empanich the pandemonium lord
103120 | Zig:20   | Killed Iclaicim the pandemonium lord
103138 | Zig:20   | Found the +8 demon blade "Bloodbane" {slice, *Rage +Rage
                  | Stlth-}
103171 | Zig:20   | Killed Oqurph the pandemonium lord
103181 | Zig:20   | Paralysed by you for 3 turns
103526 | Zig:20   | Got a brightly glowing brass amulet
103527 | Zig:20   | Identified the amulet of Luminocoga {rElec Regen+ Str+4
                  | Slay+2} (You found it on level 20 of a ziggurat)
103531 | Zig:20   | Identified the +0 pair of boots of Cowardice {Str+4 Stlth+}
                  | (You found it on level 20 of a ziggurat)
103667 | Zig:21   | Identified the Handbook of the Oath
103686 | Zig:21   | Identified the Collected Works on the Evil Mountains
103713 | Zig:22   | Reached skill level 27 in Earth Magic
103867 | Zig:22   | Got a heavily runed platinum ring
103868 | Zig:22   | Identified the ring of Koyr Gaod {+Inv rN+ Str+2 Dex+4}
                  | (You found it on level 22 of a ziggurat)
103886 | Zig:23   | Noticed an ancient lich
103896 | Zig:23   | Killed an ancient lich
103901 | Zig:23   | Noticed an ancient lich
103908 | Zig:23   | Killed an ancient lich
103929 | Zig:23   | Found the +9 staff of Olgreb {rPois}
104065 | Zig:23   | Identified the Guide on Ashen Confrontation
104078 | Zig:23   | Identified Meelem's Reference Book on Scorching Attacks
104099 | Zig:24   | Found the +4 moon troll leather armour {Spirit, Regen++
                  | MP+5}
104237 | Zig:24   | Got a faintly glowing brass amulet
104238 | Zig:24   | Identified the amulet of Creativity {Gourm *Contam MR++}
                  | (You found it on level 24 of a ziggurat)
104258 | Zig:24   | Got an ancient ivory amulet
104259 | Zig:24   | Identified the amulet "Liusic" {RegenMP +Fly Int+4} (You
                  | found it on level 24 of a ziggurat)
104278 | Zig:24   | Reached skill level 5 in Polearms
104278 | Zig:24   | Reached skill level 5 in Throwing
104304 | Zig:25   | Reached skill level 27 in Necromancy
104315 | Zig:25   | Found the +6 arbalest "Damnation" {damnation}
104431 | Zig:25   | Got a clouded pewter ring
104432 | Zig:25   | Identified the cursed ring of Vibbinos {rElec Int+8 Dex-3}
                  | (You found it on level 25 of a ziggurat)
104434 | Zig:25   | Got a serpentine copper ring
104435 | Zig:25   | Identified the ring of Ruk Belo {rN+ Dex+4} (You found it
                  | on level 25 of a ziggurat)
104443 | Zig:25   | Got a faintly glowing glass ring
104444 | Zig:25   | Identified the ring of Kiotaddo {rCorr rC- rN++ Dex+8
                  | Stlth+} (You found it on level 25 of a ziggurat)
104447 | Zig:25   | Identified the +2 helmet of the Soldier {Int+3} (You found
                  | it on level 25 of a ziggurat)
104489 | Zig:26   | Reached skill level 27 in Fighting
104536 | Zig:26   | Found the +8 demon trident "Rift" {distort, reach+}
104547 | Zig:26   | Identified the Compendium of the Compass and Protection
104561 | Zig:26   | Identified Sif Muna's Grimoire of Transformation and
                  | Lightness
104666 | Zig:27   | Noticed a greater mummy
104666 | Zig:27   | Noticed a greater mummy
104666 | Zig:27   | Noticed a greater mummy
104668 | Zig:27   | Noticed a greater mummy
104668 | Zig:27   | Noticed a greater mummy
104668 | Zig:27   | Noticed a greater mummy
104668 | Zig:27   | Noticed a greater mummy
104668 | Zig:27   | Noticed a greater mummy
104669 | Zig:27   | Killed a greater mummy
104670 | Zig:27   | Noticed a greater mummy
104670 | Zig:27   | Noticed a greater mummy
104671 | Zig:27   | Noticed a greater mummy
104671 | Zig:27   | Noticed a greater mummy
104672 | Zig:27   | Noticed a greater mummy
104672 | Zig:27   | Noticed a greater mummy
104673 | Zig:27   | Killed a greater mummy
104673 | Zig:27   | Killed a greater mummy
104673 | Zig:27   | Killed a greater mummy
104673 | Zig:27   | Killed a greater mummy
104673 | Zig:27   | Killed a greater mummy
104673 | Zig:27   | Killed a greater mummy
104673 | Zig:27   | Killed a greater mummy
104673 | Zig:27   | Reached skill level 27 in Fire Magic
104673 | Zig:27   | Killed a greater mummy
104673 | Zig:27   | Noticed a greater mummy
104673 | Zig:27   | Noticed a greater mummy
104674 | Zig:27   | Killed a greater mummy
104674 | Zig:27   | Killed a greater mummy
104674 | Zig:27   | Noticed a greater mummy
104675 | Zig:27   | Noticed a greater mummy
104675 | Zig:27   | Noticed a greater mummy
104675 | Zig:27   | Noticed a greater mummy
104675 | Zig:27   | Noticed a greater mummy
104676 | Zig:27   | Killed a greater mummy
104676 | Zig:27   | Killed a greater mummy
104676 | Zig:27   | Killed a greater mummy
104676 | Zig:27   | Reached skill level 27 in Spellcasting
104676 | Zig:27   | Killed a greater mummy
104676 | Zig:27   | Killed a greater mummy
104676 | Zig:27   | Killed a greater mummy
104676 | Zig:27   | Noticed a greater mummy
104677 | Zig:27   | Killed a greater mummy
104677 | Zig:27   | Killed a greater mummy
104677 | Zig:27   | Killed a greater mummy
104677 | Zig:27   | Noticed a greater mummy
104678 | Zig:27   | Killed a greater mummy
104678 | Zig:27   | Noticed a greater mummy
104681 | Zig:27   | Killed a greater mummy
104683 | Zig:27   | Reached skill level 27 in Ice Magic
104683 | Zig:27   | Killed a greater mummy
104685 | Zig:27   | Killed a greater mummy
104814 | Zig:27   | Identified the ring of Coos {rElec Stlth+} (You found it on
                  | level 27 of a ziggurat)
104818 | Zig:27   | Identified the ring "Atruxoco" {Fire +Fly rPois} (You found
                  | it on level 27 of a ziggurat)
104837 | Zig:27   | Identified the ring "Emit" {rC+ Int+4 Dex+4} (You found it
                  | on level 27 of a ziggurat)
104878 | Zig:1    | Entered Level 1 of a ziggurat
104901 | Zig:2    | Entered Level 2 of a ziggurat
104902 | Zig:2    | Noticed Ofaehoy the pandemonium lord
104904 | Zig:2    | Reached skill level 5 in Shields
104906 | Zig:2    | Killed Ofaehoy the pandemonium lord
105129 | Zig:3    | Entered Level 3 of a ziggurat
105266 | Zig:4    | Entered Level 4 of a ziggurat
105380 | Zig:5    | Entered Level 5 of a ziggurat
105480 | Zig:5    | Identified Xeenn's Collected Works on the Traveller
105493 | Zig:6    | Entered Level 6 of a ziggurat
105523 | Zig:6    | Got a vibrating copper ring
105524 | Zig:6    | Identified the ring "Puegg" {Fire rN+ Int+2} (You found it
                  | on level 6 of a ziggurat)
105533 | Zig:7    | Entered Level 7 of a ziggurat
105599 | Zig:8    | Entered Level 8 of a ziggurat
105607 | Zig:8    | Noticed an ancient lich
105609 | Zig:8    | Reached skill level 10 in Shields
105610 | Zig:8    | Killed an ancient lich
105705 | Zig:9    | Entered Level 9 of a ziggurat
105791 | Zig:10   | Entered Level 10 of a ziggurat
105800 | Zig:10   | Noticed a juggernaut
105800 | Zig:10   | Noticed a juggernaut
105801 | Zig:10   | Noticed a juggernaut
105803 | Zig:10   | Killed a juggernaut
105804 | Zig:10   | Killed a juggernaut
105805 | Zig:10   | Killed a juggernaut
105805 | Zig:10   | Reached skill level 10 in Armour
105901 | Zig:11   | Entered Level 11 of a ziggurat
105922 | Zig:11   | Reached skill level 10 in Throwing
106039 | Zig:11   | Got a warped emerald amulet
106040 | Zig:11   | Identified the amulet of Rantips {+Rage MR+} (You found it
                  | on level 11 of a ziggurat)
106043 | Zig:11   | Got a crude copper amulet
106044 | Zig:11   | Identified the amulet "Nemally" {*Contam +Rage rC+ rN+++
                  | Dex+3} (You found it on level 11 of a ziggurat)
106048 | Zig:11   | Got a flickering wooden ring
106050 | Zig:11   | Identified the ring of Juot Exo {rF+ rC+ Dex+2} (You found
                  | it on level 11 of a ziggurat)
106062 | Zig:12   | Entered Level 12 of a ziggurat
106073 | Zig:12   | Reached skill level 10 in Polearms
106098 | Zig:12   | Reached skill level 15 in Shields
106302 | Zig:13   | Entered Level 13 of a ziggurat
106314 | Zig:13   | Noticed an ancient lich
106318 | Zig:13   | Killed an ancient lich
106395 | Zig:13   | Identified the Incunabulum of the Six Souls
106397 | Zig:13   | Identified Weof Sele's Grimoire of Attacks
106411 | Zig:13   | Got a distressingly furry cloak
106422 | Zig:13   | Identified the +1 cloak "Geujov" {+Inv rF+ Regen+ MP-9
                  | Stlth+} (You found it on level 13 of a ziggurat)
106470 | Zig:13   | Identified the Volume of the Ancient Runes
106472 | Zig:13   | Identified Ulij's Compendium of Augmentations and Snow
106481 | Zig:13   | Identified Olen's Reference Book on the Traveller
106486 | Zig:13   | Got an ancient steel ring
106488 | Zig:13   | Identified the ring of Lieffyg {Str+3 Int+3} (You found it
                  | on level 13 of a ziggurat)
106496 | Zig:14   | Entered Level 14 of a ziggurat
106582 | Zig:14   | Found the +5 demon whip "Spellbinder" {antimagic, MR+}
106625 | Zig:14   | Got a slimy bone ring
106626 | Zig:14   | Identified the ring "Lausm" {rPois rC+ rN+ Str+5} (You
                  | found it on level 14 of a ziggurat)
106635 | Zig:14   | Got a shimmering turquoise ring
106637 | Zig:14   | Identified the ring of Lemuit {rF+ rC+} (You found it on
                  | level 14 of a ziggurat)
106652 | Zig:15   | Entered Level 15 of a ziggurat
106704 | Zig:15   | Got a pair of crude gloves
106715 | Zig:15   | Identified the cursed -6 pair of gloves of Dehekaq {rN+
                  | rCorr Int+9 Dex-2} (You found it on level 15 of a ziggurat)
106754 | Zig:16   | Entered Level 16 of a ziggurat
106814 | Zig:16   | Identified the Almanac of Shifting Venom
106847 | Zig:17   | Entered Level 17 of a ziggurat
106895 | Zig:17   | Found the +9 heavy crossbow "Sniper" {velocity, Acc+∞ SInv}
107012 | Zig:17   | Got a wavering wooden ring
107013 | Zig:17   | Identified the ring of Lasetoi {+Blink Str+5 Int+8 Dex-4
                  | SInv} (You found it on level 17 of a ziggurat)
107031 | Zig:17   | Got a twitching silver ring
107033 | Zig:17   | Identified the ring "Hasotsism" {rF+ Str-2 Int+2 Dex+3
                  | Stlth+} (You found it on level 17 of a ziggurat)
107043 | Zig:17   | Got a crude steel amulet
107062 | Zig:18   | Entered Level 18 of a ziggurat
107137 | Zig:18   | Identified Advanced Steps in Spellcraft
107163 | Zig:19   | Entered Level 19 of a ziggurat
107186 | Zig:19   | Reached skill level 15 in Throwing
107317 | Zig:19   | Identified the Tome of the Rocks and Damage Dealing
107359 | Zig:20   | Entered Level 20 of a ziggurat
107382 | Zig:20   | Reached skill level 15 in Polearms
107397 | Zig:20   | Found the +9 scales of the Dragon King {rPois rF+ rC+ MR+}
107472 | Zig:20   | Identified Sif Muna's Volume of Weightlessness and Fire
107512 | Zig:21   | Entered Level 21 of a ziggurat
107530 | Zig:21   | Noticed an ancient lich
107532 | Zig:21   | Killed an ancient lich
107532 | Zig:21   | Noticed an ancient lich
107540 | Zig:21   | Killed an ancient lich
107545 | Zig:21   | Noticed an ancient lich
107546 | Zig:21   | Killed an ancient lich
107546 | Zig:21   | Noticed an ancient lich
107547 | Zig:21   | Killed an ancient lich
107553 | Zig:21   | Noticed an ancient lich
107557 | Zig:21   | Killed an ancient lich
107568 | Zig:21   | Found the +7 Kryia's mail coat {PotionHeal*2 rC+}
107632 | Zig:21   | Learned a level 8 spell: Controlled Blink
107651 | Zig:22   | Entered Level 22 of a ziggurat
107673 | Zig:22   | Reached skill level 1 in Translocations
107757 | Zig:22   | Identified Xyl Lon's Incunabulum of Creative Poisoning
107772 | Zig:22   | Got a transparent brass ring
107773 | Zig:22   | Identified the ring of Yfuxtou Amei {Ice Str+2 Dex+6} (You
                  | found it on level 22 of a ziggurat)
107775 | Zig:22   | Identified the amulet "Vajior" {Spirit MP+9} (You found it
                  | on level 17 of a ziggurat)
107809 | Zig:23   | Entered Level 23 of a ziggurat
107825 | Zig:23   | Reached skill level 10 in Translocations
107826 | Zig:23   | Reached skill level 27 in Conjurations
107853 | Zig:23   | Found the +3 Elemental Staff {rElec rF++ rC++ MR++ AC+5}
107854 | Zig:23   | Found the +8 Wrath of Trog {antimagic, *Rage}
108071 | Zig:23   | Learned a level 8 spell: Lehudib's Crystal Spear
108072 | Zig:24   | Entered Level 24 of a ziggurat
108214 | Zig:24   | Got an ancient brass ring
108215 | Zig:24   | Identified the ring "Digibob" {*Tele rC- Int+8 Dex+4
                  | Slay+2} (You found it on level 24 of a ziggurat)
108313 | Zig:25   | Entered Level 25 of a ziggurat
108337 | Zig:25   | Noticed an ancient lich
108339 | Zig:25   | Reached skill level 15 in Translocations
108341 | Zig:25   | Noticed an ancient lich
108349 | Zig:25   | Noticed an ancient lich
108351 | Zig:25   | Noticed an ancient lich
108352 | Zig:25   | Killed an ancient lich
108355 | Zig:25   | Killed an ancient lich
108355 | Zig:25   | Killed an ancient lich
108355 | Zig:25   | Noticed an ancient lich
108356 | Zig:25   | Killed an ancient lich
108357 | Zig:25   | Killed an ancient lich
108359 | Zig:25   | Noticed an ancient lich
108359 | Zig:25   | Noticed an ancient lich
108360 | Zig:25   | Killed an ancient lich
108361 | Zig:25   | Killed an ancient lich
108361 | Zig:25   | Noticed an ancient lich
108363 | Zig:25   | Killed an ancient lich
108474 | Zig:25   | Identified Agyuxex's Catalogue of Envenoming and
                  | Confrontation
108481 | Zig:25   | Identified the Almanac of Arcane Weapons
108515 | Zig:25   | Identified the Reference Book on Earth and Conjuration
108519 | Zig:26   | Entered Level 26 of a ziggurat
108843 | Zig:26   | Got a heavily runed ivory ring
108844 | Zig:26   | Identified the ring "Acvir" {Wiz Slay+3 Stlth+} (You found
                  | it on level 26 of a ziggurat)
108874 | Zig:26   | Identified the Disquisition on Translocation and Toxins
108988 | Zig:27   | Entered Level 27 of a ziggurat
109004 | Zig:27   | Noticed Geciloptu the pandemonium lord
109006 | Zig:27   | Noticed Goaffits the pandemonium lord
109006 | Zig:27   | Noticed Siadinan the pandemonium lord
109006 | Zig:27   | Noticed Rolix the pandemonium lord
109006 | Zig:27   | Noticed Nifommux the pandemonium lord
109006 | Zig:27   | Noticed Piriuph the pandemonium lord
109006 | Zig:27   | Noticed Selycw the pandemonium lord
109006 | Zig:27   | Noticed Ekha Fur the pandemonium lord
109007 | Zig:27   | Noticed Daezaeth the pandemonium lord
109008 | Zig:27   | Noticed Jeity the pandemonium lord
109009 | Zig:27   | Killed Goaffits the pandemonium lord
109009 | Zig:27   | Killed Siadinan the pandemonium lord
109009 | Zig:27   | Noticed Juno the pandemonium lord
109010 | Zig:27   | Killed Daezaeth the pandemonium lord
109010 | Zig:27   | Killed Jeity the pandemonium lord
109010 | Zig:27   | Reached skill level 27 in Dodging
109010 | Zig:27   | Noticed Peawyagre the pandemonium lord
109012 | Zig:27   | Killed Ekha Fur the pandemonium lord
109012 | Zig:27   | Killed Rolix the pandemonium lord
109013 | Zig:27   | Killed Piriuph the pandemonium lord
109013 | Zig:27   | Killed Selycw the pandemonium lord
109013 | Zig:27   | Noticed Yrat Rarch the pandemonium lord
109014 | Zig:27   | Killed Juno the pandemonium lord
109015 | Zig:27   | Killed Nifommux the pandemonium lord
109015 | Zig:27   | Reached skill level 15 in Stealth
109017 | Zig:27   | Killed Peawyagre the pandemonium lord
109017 | Zig:27   | Noticed Erphuel the pandemonium lord
109018 | Zig:27   | Noticed Echank the pandemonium lord
109019 | Zig:27   | Noticed Tien the pandemonium lord
109020 | Zig:27   | Noticed Putinaseul the pandemonium lord
109020 | Zig:27   | Noticed Ygyloff the pandemonium lord
109021 | Zig:27   | Killed Geciloptu the pandemonium lord
109021 | Zig:27   | Killed Yrat Rarch the pandemonium lord
109022 | Zig:27   | Noticed Ercho Wei the pandemonium lord
109022 | Zig:27   | Noticed Bounil the pandemonium lord
109022 | Zig:27   | Noticed Haes the pandemonium lord
109023 | Zig:27   | Killed Tien the pandemonium lord
109023 | Zig:27   | Noticed Gafy the pandemonium lord
109023 | Zig:27   | Noticed Vyof the pandemonium lord
109023 | Zig:27   | Noticed Rubiklaz the pandemonium lord
109024 | Zig:27   | Noticed Revuem the pandemonium lord
109024 | Zig:27   | Killed Erphuel the pandemonium lord
109025 | Zig:27   | Killed Ygyloff the pandemonium lord
109027 | Zig:27   | Killed Ercho Wei the pandemonium lord
109027 | Zig:27   | Noticed Yroebe the pandemonium lord
109028 | Zig:27   | Killed Putinaseul the pandemonium lord
109028 | Zig:27   | Killed Echank the pandemonium lord
109028 | Zig:27   | Killed Gafy the pandemonium lord
109028 | Zig:27   | Noticed Xitur the pandemonium lord
109029 | Zig:27   | Killed Revuem the pandemonium lord
109029 | Zig:27   | Noticed Ryilun the pandemonium lord
109030 | Zig:27   | Killed Vyof the pandemonium lord
109030 | Zig:27   | Killed Rubiklaz the pandemonium lord
109031 | Zig:27   | Noticed Vohoanur the pandemonium lord
109032 | Zig:27   | Killed Haes the pandemonium lord
109032 | Zig:27   | Killed Yroebe the pandemonium lord
109032 | Zig:27   | Noticed Yfetoc the pandemonium lord
109035 | Zig:27   | Killed Bounil the pandemonium lord
109036 | Zig:27   | Killed Xitur the pandemonium lord
109036 | Zig:27   | Killed Ryilun the pandemonium lord
109038 | Zig:27   | Killed Yfetoc the pandemonium lord
109038 | Zig:27   | Killed Vohoanur the pandemonium lord
109038 | Zig:27   | Noticed Huirotus the pandemonium lord
109043 | Zig:27   | Killed Huirotus the pandemonium lord
109249 | Zig:27   | Identified the Handbook of Moulding and Poisoning
109257 | Zig:27   | Identified the Papyrus of Scorching Poison
109260 | Zig:27   | Identified the Tome of Boosts
109270 | Zig:27   | Got a twitching granite ring
109271 | Zig:27   | Identified the ring "Bogoisch" {*Slow rElec AC+2 Str+6
                  | SInv} (You found it on level 27 of a ziggurat)
109279 | Zig:27   | Identified the +2 helmet "Qoul" {Int+4} (You found it on
                  | level 27 of a ziggurat)
109280 | Zig:27   | Identified the Handbook of Attacks
109297 | Zig:27   | Identified the Guide on Air and Changing
109425 | D:15     | Learned a level 8 spell: Discord
109429 | Zig:1    | Entered Level 1 of a ziggurat
109557 | Zig:2    | Entered Level 2 of a ziggurat
109561 | Zig:2    | Reached skill level 1 in Hexes
109817 | Zig:2    | Got a faintly glowing pewter ring
109818 | Zig:2    | Identified the ring of Hakhlef {rPois rF+ Int+4} (You found
                  | it on level 2 of a ziggurat)
109830 | Zig:3    | Entered Level 3 of a ziggurat
109852 | Zig:3    | Identified Hiabium's Tome of Helpful Black Rites
109864 | Zig:4    | Entered Level 4 of a ziggurat
109906 | Zig:5    | Entered Level 5 of a ziggurat
109912 | Zig:5    | Reached skill level 5 in Hexes
110150 | Zig:6    | Entered Level 6 of a ziggurat
110209 | Zig:7    | Entered Level 7 of a ziggurat
110394 | Zig:7    | Identified the Reference Book on Necromancy and Malediction
110401 | Zig:7    | Identified the +0 buckler of Focus {rF- rC+ Str+2 Dex+4}
                  | (You found it on level 7 of a ziggurat)
110414 | Zig:7    | Lost mutation: Your body often deteriorates upon taking
                  | damage. [potion of mutation]
110414 | Zig:7    | Lost mutation: You have supernaturally acute eyesight.
                  | (SInv) [potion of mutation]
110414 | Zig:7    | Gained mutation: You are agile. (Dex +2) [potion of
                  | mutation]
110415 | Zig:7    | Lost mutation: You are agile. (Dex +2) [potion of mutation]
110415 | Zig:7    | Lost mutation: Your body sometimes deteriorates upon taking
                  | damage. [potion of mutation]
110415 | Zig:7    | Lost mutation: You possess an exceptional clarity of mind.
                  | [potion of mutation]
110415 | Zig:7    | Gained mutation: You are partially covered in rugged brown
                  | scales. (AC +1, +3% HP) [potion of mutation]
110415 | Zig:7    | Gained mutation: You passively map a small area around you.
                  | [potion of mutation]
110416 | Zig:7    | Lost mutation: You are partially covered in yellow scales.
                  | (AC +2) [potion of mutation]
110416 | Zig:7    | Lost mutation: You passively map a small area around you.
                  | [potion of mutation]
110416 | Zig:7    | Gained mutation: Your flesh is cold resistant. (rC+)
                  | [potion of mutation]
110416 | Zig:7    | Gained mutation: Your flesh is very cold resistant. (rC++)
                  | [potion of mutation]
110420 | Zig:8    | Entered Level 8 of a ziggurat
110425 | Zig:8    | Noticed Jaomnom the pandemonium lord
110425 | Zig:8    | Noticed Heofetec the pandemonium lord
110426 | Zig:8    | Noticed Mycewur the pandemonium lord
110428 | Zig:8    | Noticed Joluy the pandemonium lord
110430 | Zig:8    | Killed Heofetec the pandemonium lord
110430 | Zig:8    | Noticed Tithrau the pandemonium lord
110431 | Zig:8    | Killed Jaomnom the pandemonium lord
110431 | Zig:8    | Killed Mycewur the pandemonium lord
110434 | Zig:8    | Killed Joluy the pandemonium lord
110434 | Zig:8    | Reached skill level 10 in Hexes
110434 | Zig:8    | Killed Tithrau the pandemonium lord
110670 | Zig:8    | Got a crude bone ring
110671 | Zig:8    | Identified the ring of Wulax {rPois rF+ Str+4 Dex+4} (You
                  | found it on level 8 of a ziggurat)
110680 | Zig:8    | Identified the Compendium of Dusty Transmigration
110689 | Zig:9    | Entered Level 9 of a ziggurat
110807 | Zig:9    | Found the +18 shield of the Gong {rElec rN+ MR+ EV-5}
110842 | Zig:10   | Entered Level 10 of a ziggurat
110844 | Zig:10   | Noticed a greater mummy
110847 | Zig:10   | Noticed a greater mummy
110848 | Zig:10   | Noticed a greater mummy
110849 | Zig:10   | Killed a greater mummy
110852 | Zig:10   | Killed a greater mummy
110853 | Zig:10   | Killed a greater mummy
110933 | Zig:10   | Found the -2 hat of the Alchemist {rElec rPois rF+ rC+ rN+
                  | MR+ rMut rCorr}
110944 | Zig:10   | Identified the Reference Book on Bewitching Transmigration
110968 | Zig:11   | Entered Level 11 of a ziggurat
110983 | Zig:11   | Reached skill level 27 in Stealth
111144 | Zig:11   | Identified the Compendium of the Gnat
111155 | Zig:11   | Got a scintillating diamond amulet
111156 | Zig:11   | Identified the amulet "Mow Pem Wok" {Inacc +Blink} (You
                  | found it on level 11 of a ziggurat)
111184 | Zig:12   | Entered Level 12 of a ziggurat
111193 | Zig:12   | Noticed Fafruestre the pandemonium lord
111201 | Zig:12   | Killed Fafruestre the pandemonium lord
111201 | Zig:12   | Reached skill level 15 in Hexes
111284 | Zig:12   | Found the ring of the Octopus King
111286 | Zig:12   | Found the ring of Phasing {EV+8}
111319 | Zig:12   | Got a ring of the Octopus King
111338 | Zig:13   | Entered Level 13 of a ziggurat
111348 | Zig:13   | Reached skill level 10 in Evocations
111501 | Zig:14   | Entered Level 14 of a ziggurat
111508 | Zig:14   | Noticed an ancient lich
111510 | Zig:14   | Noticed an ancient lich
111510 | Zig:14   | Noticed an ancient lich
111513 | Zig:14   | Killed an ancient lich
111513 | Zig:14   | Paralysed by an ancient lich for 6 turns
111518 | Zig:14   | Killed an ancient lich
111521 | Zig:14   | Killed an ancient lich
111675 | Zig:14   | Got a heavily runed zirconium amulet
111676 | Zig:14   | Identified the amulet of Ijik {Regen+ Dex+4} (You found it
                  | on level 14 of a ziggurat)
111687 | Zig:14   | Reached skill level 15 in Evocations
111702 | Zig:14   | Got a flickering lead ring
111703 | Zig:14   | Identified the ring "Xyostaci" {+Blink +Fly rElec rF+
                  | Dex-4} (You found it on level 14 of a ziggurat)
111711 | Zig:15   | Entered Level 15 of a ziggurat
111714 | Zig:15   | Noticed a greater mummy
111714 | Zig:15   | Noticed a greater mummy
111715 | Zig:15   | Noticed a greater mummy
111716 | Zig:15   | Noticed a greater mummy
111718 | Zig:15   | Noticed a greater mummy
111718 | Zig:15   | Noticed a greater mummy
111718 | Zig:15   | Noticed a greater mummy
111718 | Zig:15   | Noticed a greater mummy
111718 | Zig:15   | Noticed a greater mummy
111718 | Zig:15   | Noticed a greater mummy
111718 | Zig:15   | Noticed a greater mummy
111718 | Zig:15   | Noticed a greater mummy
111718 | Zig:15   | Noticed a greater mummy
111718 | Zig:15   | Noticed a greater mummy
111719 | Zig:15   | Killed a greater mummy
111719 | Zig:15   | Killed a greater mummy
111719 | Zig:15   | Killed a greater mummy
111719 | Zig:15   | Killed a greater mummy
111719 | Zig:15   | Killed a greater mummy
111719 | Zig:15   | Killed a greater mummy
111719 | Zig:15   | Killed a greater mummy
111719 | Zig:15   | Killed a greater mummy
111721 | Zig:15   | Killed a greater mummy
111721 | Zig:15   | Killed a greater mummy
111721 | Zig:15   | Killed a greater mummy
111722 | Zig:15   | Killed a greater mummy
111722 | Zig:15   | Killed a greater mummy
111723 | Zig:15   | Killed a greater mummy
111838 | Zig:15   | Identified Niopic's Guide on Captivating Battle Magic
111843 | Zig:15   | Got a pitted lead amulet
111844 | Zig:15   | Identified the amulet "Wulisusi" {Gourm rF+} (You found it
                  | on level 15 of a ziggurat)
111857 | Zig:16   | Entered Level 16 of a ziggurat
111871 | Zig:16   | Found the +12 Vampire's Tooth {vamp}
111872 | Zig:16   | Paralysed by a floating eye for 2 turns
111916 | Zig:16   | Got a translucent golden ring
111917 | Zig:16   | Identified the ring "Rosy" {rPois MR++ Str-5 Stlth-} (You
                  | found it on level 16 of a ziggurat)
111941 | Zig:16   | Identified the +2 pair of gloves "Pelayrgh" {rElec Dex+5}
                  | (You found it on level 16 of a ziggurat)
111950 | Zig:16   | Got an ancient golden ring
111951 | Zig:16   | Identified the ring "Vopsargh" {*Corrode rN+ MR+ SInv
                  | Stlth+} (You found it on level 16 of a ziggurat)
111966 | Zig:17   | Entered Level 17 of a ziggurat
112077 | Zig:17   | Got a translucent steel amulet
112078 | Zig:17   | Identified the amulet of the Equinox {Reflect Str+4 SH+3}
                  | (You found it on level 17 of a ziggurat)
112090 | Zig:17   | Got a coiled golden ring
112091 | Zig:17   | Identified the ring of Xom's Fury {Str+3 Dex+3 Stlth+} (You
                  | found it on level 17 of a ziggurat)
112094 | Zig:17   | Got a shimmering platinum ring
112095 | Zig:17   | Identified the ring of Naovveff {Fire rPois Str+3} (You
                  | found it on level 17 of a ziggurat)
112133 | Zig:18   | Entered Level 18 of a ziggurat
112281 | Zig:18   | Found the +2 cloak of the Thief {+Fog Slay-2 SInv Stlth+}
112308 | Zig:18   | Identified the Guide on Lethal Air
112332 | Zig:19   | Entered Level 19 of a ziggurat
112334 | Zig:19   | Noticed a greater mummy
112335 | Zig:19   | Noticed a greater mummy
112335 | Zig:19   | Noticed a greater mummy
112335 | Zig:19   | Noticed a greater mummy
112336 | Zig:19   | Noticed a greater mummy
112336 | Zig:19   | Noticed a greater mummy
112337 | Zig:19   | Noticed a greater mummy
112337 | Zig:19   | Noticed a greater mummy
112337 | Zig:19   | Noticed a greater mummy
112337 | Zig:19   | Noticed a greater mummy
112337 | Zig:19   | Noticed a greater mummy
112337 | Zig:19   | Noticed a greater mummy
112337 | Zig:19   | Noticed a greater mummy
112337 | Zig:19   | Noticed a greater mummy
112337 | Zig:19   | Noticed a greater mummy
112337 | Zig:19   | Noticed a greater mummy
112337 | Zig:19   | Noticed a greater mummy
112337 | Zig:19   | Noticed a greater mummy
112337 | Zig:19   | Noticed a greater mummy
112337 | Zig:19   | Noticed a greater mummy
112338 | Zig:19   | Killed a greater mummy
112338 | Zig:19   | Killed a greater mummy
112338 | Zig:19   | Killed a greater mummy
112338 | Zig:19   | Killed a greater mummy
112338 | Zig:19   | Killed a greater mummy
112338 | Zig:19   | Killed a greater mummy
112338 | Zig:19   | Killed a greater mummy
112338 | Zig:19   | Killed a greater mummy
112338 | Zig:19   | Killed a greater mummy
112338 | Zig:19   | Killed a greater mummy
112338 | Zig:19   | Killed a greater mummy
112338 | Zig:19   | Killed a greater mummy
112338 | Zig:19   | Noticed a greater mummy
112339 | Zig:19   | Killed a greater mummy
112339 | Zig:19   | Killed a greater mummy
112339 | Zig:19   | Killed a greater mummy
112339 | Zig:19   | Killed a greater mummy
112339 | Zig:19   | Killed a greater mummy
112339 | Zig:19   | Killed a greater mummy
112339 | Zig:19   | Killed a greater mummy
112339 | Zig:19   | Noticed a greater mummy
112339 | Zig:19   | Noticed a greater mummy
112341 | Zig:19   | Killed a greater mummy
112342 | Zig:19   | Killed a greater mummy
112342 | Zig:19   | Killed a greater mummy
112342 | Zig:19   | Noticed a greater mummy
112342 | Zig:19   | Noticed a greater mummy
112343 | Zig:19   | Noticed a greater mummy
112350 | Zig:19   | Noticed a greater mummy
112351 | Zig:19   | Killed a greater mummy
112355 | Zig:19   | Killed a greater mummy
112355 | Zig:19   | Killed a greater mummy
112358 | Zig:19   | Killed a greater mummy
112372 | Zig:19   | Killed a greater mummy
112533 | Zig:19   | Identified the Collected Works on Creation and Clay
112556 | Zig:20   | Entered Level 20 of a ziggurat
112565 | Zig:20   | Noticed an ancient lich
112566 | Zig:20   | Noticed an ancient lich
112567 | Zig:20   | Noticed an ancient lich
112568 | Zig:20   | Noticed an ancient lich
112569 | Zig:20   | Killed an ancient lich
112570 | Zig:20   | Killed an ancient lich
112570 | Zig:20   | Killed an ancient lich
112570 | Zig:20   | Killed an ancient lich
112570 | Zig:20   | Noticed an ancient lich
112571 | Zig:20   | Noticed an ancient lich
112571 | Zig:20   | Noticed an ancient lich
112572 | Zig:20   | Killed an ancient lich
112573 | Zig:20   | Killed an ancient lich
112573 | Zig:20   | Noticed an ancient lich
112574 | Zig:20   | Noticed an ancient lich
112574 | Zig:20   | Noticed an ancient lich
112576 | Zig:20   | Killed an ancient lich
112576 | Zig:20   | Noticed an ancient lich
112577 | Zig:20   | Killed an ancient lich
112577 | Zig:20   | Killed an ancient lich
112578 | Zig:20   | Killed an ancient lich
112579 | Zig:20   | Killed an ancient lich
112711 | Zig:20   | Got a translucent silver amulet
112712 | Zig:20   | Identified the amulet "Yfufreug" {RegenMP Dex+3} (You found
                  | it on level 20 of a ziggurat)
112739 | Zig:20   | Got an ancient golden ring
112740 | Zig:20   | Identified the ring of Vampiric Thralls {rC+ rN+ SInv} (You
                  | found it on level 20 of a ziggurat)
112748 | Zig:20   | Identified Vayfem's Compendium of Beguiling
112755 | Zig:20   | Identified A Primer on Spellcasting
112776 | Zig:21   | Entered Level 21 of a ziggurat
113118 | Zig:21   | Found the +7 pair of quick blades "Gyre" and "Gimble"
                  | {protect}
113121 | Zig:21   | Got a wavering golden ring
113122 | Zig:21   | Identified the ring "Vomien" {rN+ MP+9 Dex+4} (You found it
                  | on level 21 of a ziggurat)
113136 | Zig:21   | Got a translucent marble ring
113137 | Zig:21   | Identified the ring of Tufaos {+Fly rF- Dex+3 SInv Stlth+}
                  | (You found it on level 21 of a ziggurat)
113150 | Zig:21   | Got a bound amber ring
113151 | Zig:21   | Identified the ring "Dagygisch" {rCorr Str+8} (You found it
                  | on level 21 of a ziggurat)
113155 | Zig:22   | Entered Level 22 of a ziggurat
113161 | Zig:22   | Noticed an ancient lich
113165 | Zig:22   | Killed an ancient lich
113617 | Zig:22   | Got a pair of distressingly furry gloves
113628 | Zig:22   | Identified the +1 pair of gloves "Yphaoth" {rN+ Slay+2
                  | Stlth+} (You found it on level 22 of a ziggurat)
113659 | Zig:22   | Got an ichor-stained helmet
113670 | Zig:22   | Identified the cursed +0 helmet of Inevitability {rPois
                  | Str-4 Dex+6} (You found it on level 22 of a ziggurat)
113687 | Zig:23   | Entered Level 23 of a ziggurat
113694 | Zig:23   | Noticed an ancient lich
113699 | Zig:23   | Killed an ancient lich
113699 | Zig:23   | Noticed an ancient lich
113700 | Zig:23   | Reached skill level 27 in Hexes
113703 | Zig:23   | Noticed an ancient lich
113706 | Zig:23   | Noticed an ancient lich
113707 | Zig:23   | Killed an ancient lich
113707 | Zig:23   | Killed an ancient lich
113707 | Zig:23   | Killed an ancient lich
113710 | Zig:23   | Noticed an ancient lich
113710 | Zig:23   | Noticed an ancient lich
113712 | Zig:23   | Reached skill level 27 in Evocations
113713 | Zig:23   | Killed an ancient lich
113713 | Zig:23   | Killed an ancient lich
113725 | Zig:23   | Found the ring of the Octopus King
113858 | Zig:23   | Got a steaming amethyst amulet
113866 | Zig:23   | Identified Itail's Grimoire of Lucky Poisoning
113873 | Zig:23   | Got a ring of the Octopus King
113879 | Zig:23   | Identified the amulet "Ogauskew" {RegenMP rElec} (You found
                  | it on level 23 of a ziggurat)
113883 | Zig:23   | Identified the Papyrus of the Lethal Voyage
113887 | Zig:23   | Identified Onafosie's Grimoire of the Glacier and Summoning
113916 | Zig:23   | Got a faintly glowing copper ring
113918 | Zig:23   | Identified the ring of Asoreatoc {rF+++ MR- Int+6 Dex+6}
                  | (You found it on level 23 of a ziggurat)
113922 | Zig:24   | Entered Level 24 of a ziggurat
114157 | Zig:24   | Got a smoking silver ring
114162 | Zig:24   | Identified the Incunabulum of Dried Tears
114191 | Zig:25   | Entered Level 25 of a ziggurat
114200 | Zig:25   | Found the +10 dark maul {crush}
114200 | Zig:25   | Found the +8 glaive of the Guard {elec, +Rage AC+5 SInv}
114205 | Zig:25   | Reached skill level 27 in Shields
114207 | Zig:25   | Found the +3 sling "Punk" {acid, rCorr}
114208 | Zig:25   | Found the +8 arc blade {discharge, rElec}
114228 | Zig:25   | Got a crude bronze ring
114267 | Zig:25   | Identified the ring "Lemank" {rPois rF- rN+ Stlth+} (You
                  | found it on level 24 of a ziggurat)
114546 | Zig:26   | Entered Level 26 of a ziggurat
114560 | Zig:26   | Found the +8 frozen axe "Frostbite" {freezing cloud, *Noise
                  | +Fly rC+}
114792 | Zig:26   | Found the +8 longbow "Zephyr" {speed, Dex+3 SInv}
114829 | Zig:26   | Got a pitted lead ring
114833 | Zig:26   | Identified the ring "Hogy" {AC+2 Str+4 Dex+4} (You found it
                  | on level 26 of a ziggurat)
114836 | Zig:26   | Identified the ring "Vepuj" {Ice MP-9 Str+7 Int+8 Dex-3}
                  | (You found it on level 25 of a ziggurat)
114846 | Zig:26   | Identified the Reference Book on Hurtful Translocation
114900 | Zig:27   | Entered Level 27 of a ziggurat
114906 | Zig:27   | Noticed a juggernaut
114909 | Zig:27   | Noticed a juggernaut
114909 | Zig:27   | Noticed a juggernaut
114913 | Zig:27   | Killed a juggernaut
114914 | Zig:27   | Killed a juggernaut
114914 | Zig:27   | Killed a juggernaut
114920 | Zig:27   | Noticed a juggernaut
114925 | Zig:27   | Noticed a juggernaut
114928 | Zig:27   | Killed a juggernaut
114928 | Zig:27   | Noticed a juggernaut
114929 | Zig:27   | Killed a juggernaut
114933 | Zig:27   | Killed a juggernaut
114971 | Zig:27   | Identified the Almanac of Noxious Calling
115001 | Zig:27   | Identified the Incunabulum of Changing and Fire
115017 | Zig:27   | Got a sparkling brass ring
115018 | Zig:27   | Identified the ring "Xaolock" {rPois SInv} (You found it on
                  | level 27 of a ziggurat)
115120 | Zig:1    | Entered Level 1 of a ziggurat
115175 | Zig:2    | Entered Level 2 of a ziggurat
115213 | Zig:3    | Entered Level 3 of a ziggurat
115362 | Zig:4    | Entered Level 4 of a ziggurat
115583 | Zig:4    | Identified the +2 pair of boots of the Moon {Str+2} (You
                  | found it on level 4 of a ziggurat)
115608 | Zig:5    | Entered Level 5 of a ziggurat
115866 | Zig:6    | Entered Level 6 of a ziggurat
115872 | Zig:6    | Found the +9 staff of Wucad Mu {channel}
115873 | Zig:6    | Reached skill level 27 in Polearms
115896 | Zig:6    | Got a glittering brass amulet
115897 | Zig:6    | Identified the amulet "Mioshen" {+Blink rC+ Regen+ Str+5
                  | Slay-5} (You found it on level 6 of a ziggurat)
115913 | Zig:7    | Entered Level 7 of a ziggurat
115972 | Zig:8    | Entered Level 8 of a ziggurat
116010 | Zig:8    | Found the cursed necklace of Bloodlust {*Rage +Rage MR++
                  | Int-3 Slay+6 *Curse}
116042 | Zig:9    | Entered Level 9 of a ziggurat
116048 | Zig:9    | Found the amulet of the Four Winds {rN+ MR+++ Clar}
116111 | Zig:9    | Got a bound wooden ring
116113 | Zig:9    | Identified the ring "Lianutesm" {Ice rPois rN+++ Int-5
                  | Dex+4} (You found it on level 9 of a ziggurat)
116123 | Zig:9    | Identified Sif Muna's Incunabulum of Displacement
116388 | Zig:10   | Entered Level 10 of a ziggurat
116480 | Zig:10   | Found the +2 Maxwell's thermic engine {flame, freeze}
116492 | Zig:10   | Identified Sif Muna's Reference Book on Venom and
                  | Necromancy
116523 | Zig:11   | Entered Level 11 of a ziggurat
116530 | Zig:11   | Noticed an ancient lich
116530 | Zig:11   | Noticed an ancient lich
116530 | Zig:11   | Noticed an ancient lich
116531 | Zig:11   | Noticed an ancient lich
116533 | Zig:11   | Killed an ancient lich
116533 | Zig:11   | Killed an ancient lich
116533 | Zig:11   | Killed an ancient lich
116534 | Zig:11   | Killed an ancient lich
116536 | Zig:11   | Killed an ancient lich
116536 | Zig:11   | Noticed an ancient lich
116537 | Zig:11   | Noticed an ancient lich
116538 | Zig:11   | Killed an ancient lich
116540 | Zig:11   | Killed an ancient lich
116586 | Zig:11   | Got a faintly glowing copper ring
116588 | Zig:11   | Identified the ring of Xuch {Int-3 Dex+4 Slay+3 SInv} (You
                  | found it on level 11 of a ziggurat)
116625 | Zig:12   | Entered Level 12 of a ziggurat
116627 | Zig:12   | Noticed an orb of fire
116627 | Zig:12   | Noticed an orb of fire
116627 | Zig:12   | Noticed an orb of fire
116627 | Zig:12   | Noticed an orb of fire
116627 | Zig:12   | Noticed an orb of fire
116627 | Zig:12   | Noticed an orb of fire
116628 | Zig:12   | Noticed an orb of fire
116629 | Zig:12   | Noticed an orb of fire
116630 | Zig:12   | Noticed an orb of fire
116630 | Zig:12   | Killed an orb of fire
116630 | Zig:12   | Killed an orb of fire
116630 | Zig:12   | Killed an orb of fire
116630 | Zig:12   | Killed an orb of fire
116630 | Zig:12   | Killed an orb of fire
116632 | Zig:12   | Gained mutation: You occasionally shout uncontrollably at
                  | your foes. [an orb of fire]
116633 | Zig:12   | Killed an orb of fire
116634 | Zig:12   | Noticed an orb of fire
116634 | Zig:12   | Killed an orb of fire
116634 | Zig:12   | Killed an orb of fire
116636 | Zig:12   | Killed an orb of fire
116637 | Zig:12   | Gained mutation: You are partially covered in yellow
                  | scales. (AC +2) [an orb of fire]
116638 | Zig:12   | Killed an orb of fire
116829 | Zig:12   | Got a pair of transparent boots
116840 | Zig:12   | Identified the +1 pair of boots "Uskypn" {rElec Dex+3} (You
                  | found it on level 12 of a ziggurat)
116858 | Zig:12   | Got a wavering emerald amulet
116859 | Zig:12   | Identified the amulet of Checkmate {+Rage +Fly rPois Dex-5}
                  | (You found it on level 12 of a ziggurat)
116881 | Zig:13   | Entered Level 13 of a ziggurat
116963 | Zig:13   | Identified the Volume of Attacks
117001 | Zig:14   | Entered Level 14 of a ziggurat
117011 | Zig:14   | HP: 1/219 [acid (10)]
117011 | Zig:14   | Slain by an acid blob

Levels and vault maps discovered:
D:1:      sevenhm_arrival_forest_fort_large_2, layout_rooms
D:2:      layout_basic, first_ration, uniq_terence
D:3:      layout_rooms, serial_corexii_hall, chequers_hall_statues_y,
          chequers_hall_statues_wall_a, portal_sewer_entry_b
D:4:      layout_cave_pools, gammafunk_ghost_smash, tso_altar
D:5:      layout_rooms, serial_co_window_serial, co_window_paths_a,
          co_window_paths_a, co_window_paths_a, co_window_corner_a,
          co_window_of_opportunity_a, co_window_of_opportunity_b,
          co_window_broadway_c, co_window_2corner, co_window_2corner,
          co_window_broadway_b, co_window_corner_b, co_window_2corner,
          co_window_paths_e, grunt_qazlal_clouds
D:6:      layout_loops_ring, gammafunk_ghost_necromancy, uniq_sigmund
D:7:      layout_loops_cross, nicolae_overflow_crystal_walls,
          minmay_temple_entry_butterflies, serial_undead, serial_undead_c,
          serial_undead_a, serial_undead_b, serial_undead_b, the_bakery
D:8:      minmay_the_grid_triangle_9x9_recursive_2
          [minmay_the_grid_triangle_9x9_prize_insulated,
          minmay_the_grid_triangle_9x9_empty,
          minmay_the_grid_triangle_9x9_checkered,
          minmay_the_grid_triangle_9x9_minimal], layout_rooms, serial_shops,
          shop, kennysheep_generic_room_6, uniq_joseph
D:9:      cheibrodos_steamvent, layout_cave_pods, due_lair_maze_entry_diamond,
          serial_shops, kennysheep_mini, uniq_erica, uniq_pikel
D:10:     layout_gridville
D:11:     layout_basic, zombieorc1_lemuel, kennysheep_generic_room_14,
          uniq_harold, uniq_grum
D:12:     layout_layer_cave, serial_shops,
          nicolae_shop_temple_entry_statues_fountains,
          nrook_guardian_serpent_double, uniq_maurice
D:13:     layout_roguey, serial_shops, shop, basic_altar, serial_glass,
          glass_columns_c, glass_columns_a, fedhas_altar_3, uniq_josephine
D:14:     layout_gridville, hangedman_vaults_entry_quadrant_bands,
          lemuel_coloured_pillars_altar, minivault_26
D:15:     grunt_enter_depths_snipers, layout_basic, serial_shops, shop,
          minmay_misc_feat_secret_circle
Temple:   minmay_crystal_snake_temple
Lair:1:   layout_roguey [special_room_bee], serial_bayou_shore_a
Lair:2:   layout_cave_shapes, basic_altar, infiniplex_staircase_pool_2
Lair:3:   layout_cave_pods, shoals_dummy_entry, gammafunk_ghost_necromancy
Lair:4:   layout_loops_ring, minmay_snake_entry_six_corridors,
          portal_ice_cave_entry_pillars_2, gammafunk_ghost_arena
Lair:5:   layout_hall_layers, dpeg_slime_entry_corner,
          nicolae_quartered_pool_little, grunt_megastairs_5
Lair:6:   hangedman_lair_tendril_chambers, layout_long_grid, wormcave,
          minmay_another_anthill
Shoals:1: layout_shoals, gammafunk_ghost_cemetery, lemuel_centaur_altar,
          uniq_aizul
Shoals:2: layout_shoals
Shoals:3: layout_shoals
Shoals:4: shoals_end_simple, layout_shoals
Snake:1:  layout_chambers, serial_bayou_ford_a, lemuel_fruit_tree
Snake:2:  layout_onion, gammafunk_ghost_wrathful_warriors, basic_altar,
          st_stairs_7, uniq_vashnia
Snake:3:  layout_grid_shapes, uniq_mara
Snake:4:  snake_pit, layout_cave_town, serial_shops, shop_fountains,
          gammafunk_ghost_arena, uniq_roxanne
Slime:1:  cheibrodos_slime_lost_civilization_9, layout_caves
Slime:2:  layout_caves
Slime:3:  layout_caves
Slime:4:  layout_caves
Slime:5
Orc:1:    layout_diamond_mine, basic_altar
Orc:2:    st_orc_town, layout_caves, sword_in_stone, uniq_snorg
Elf:1:    minmay_elf_arrival_circle, layout_gridlike, serial_aquarium,
          aquarium_bridge_long_separate [aquarium_subvault_bridge,
          aquarium_subvault_bridge, aquarium_subvault_window,
          aquarium_subvault_bridge, aquarium_subvault_bridge,
          aquarium_subvault_window], aquarium_window_fake,
          aquarium_window_corridor_1, aquarium_window_2, aquarium_view_2g,
          aquarium_balcony_5a, minmay_elf_necromancy, minivault_13, uniq_nikola,
          uniq_agnes, uniq_frances, uniq_louise
Elf:2:    layout_geoelf_diagonals
Elf:3:    elf_hall, layout_loops_corners
Vaults:1: v_misc_29, vaults_room_grunt_arrival_checkpoint, kb_rosetta,
          nicolae_vaults_ring_of_whatevers, grunt_vaults_swirl,
          vaults_room_pool, vaults_room_semicircle, v_pattern_4,
          layout_vaults_chaotic_city, serial_shops, bzr_entry_lakeside,
          uniq_donald
Vaults:2: vaults_room_grunt_arrival_ludios, nicolae_vaults_three_branches,
          ontoclasm_vaults_eye, grunt_vaults_funnel, st_spiral_rooms,
          hangedman_vaults_unwind, ontoclasm_vaults_ring_square,
          vaults_mumra_minichess, ontoclasm_vaults_loading_screen,
          nicolae_vaults_circle_grid_a, nicolae_vaults_little_squares_6,
          layout_vaults_omnicross, uniq_frederick
Vaults:3: minmay_crypt_entry_simple_sparse, nicolae_vaults_ring_of_whatevers,
          nicolae_vaults_big_angled_halls, nicolae_vaults_border_crossing,
          vaults_dpeg_cross, vaults_mumra_hexcomb, v_alt_pattern_3,
          ontoclasm_vaults_loading_screen, vaults_room_grid,
          nicolae_vaults_inception_corners, vaults_mumra_hex, v_misc_29,
          v_misc_30, v_misc_13, vaults_room_pools, layout_vaults_maze_bifur,
          basic_altar
Vaults:4: nicolae_vaults_twisting_passages, st_octagons_1,
          grunt_vaults_hallway_long, vaults_mumra_chevron,
          vaults_room_door_ring, v_misc_4, vaults_room_stairs_pillars,
          v_misc_32, grunt_vaults_hallway_long, ontoclasm_vaults_fault,
          v_rooms_5, nicolae_vaults_windows_and_doors_thing, v_misc_30,
          layout_vaults_omnibox, uniq_boris
Vaults:5
Crypt:1:  layout_rooms, nicolae_crypt_little_mausoleum,
          grunt_crypt_arrival_webbed, grunt_megastairs_2
Crypt:2:  layout_catacombs, nicolae_crypt_ancient_font
Crypt:3:  due_elkab, layout_chaotic_city, minmay_misc_feat_pillars
Depths:1: layout_gridville, solitary_fountain, hangedman_tar_grid_catacomb,
          minmay_misc_feat_rows, grunt_decor_fettered, grunt_ministairs_11,
          evilmike_butchery, serial_bayou_shore_b, minmay_shoptagon,
          uniq_saint_roka
Depths:2: minmay_mutant_horseshoe, layout_basic, hell_entry,
          rand_demon_pan_entry_1, serial_shops, nicolae_shop_stone,
          kennysheep_generic_room_13
Depths:3: kennysheep_treasure_stockpile, layout_gridlike,
          pf_hell_entry_great_geh, gammafunk_ghost_crypt,
          minmay_room_of_horrors, pan_entry, mu_enter_wizlab_5,
          minmay_staircase_bubble, uniq_jory, uniq_bai_suzhen
Depths:4: minmay_central_circle, layout_gridlike, enter_ziggurat_c,
          lightli_too_deep, abyss_entry_small_statue_room,
          grunt_pan_entry_spiral
Depths:5: evilmike_zot_entry_gauntlet, layout_cave_pools, abyss_entry,
          nrook_mini_vaults, hell_entry, rand_demon_pan_entry_8, serial_shops,
          bzr_entry_road
Zot:1:    layout_gridlike, lemuel_lake_of_fire, grunt_megastairs_3
Zot:2:    layout_gridville
Zot:3:    layout_cathedral_of_symmetry, zot_minivault_1, grunt_megastairs_1
Zot:4:    lemuel_draconian_sentries_small, layout_basic,
          hangedman_zot_decor_tridents
Zot:5:    layout_cathedral_of_symmetry, st_stairs_7, skrybe_zot_glass_1
Abyss:3:  evilmike_abyss_exit_5
Zig:14
Bazaar:   bazaar_lake
Sewer:    sewer_co_15_rooms
IceCv:    ice_cave_small_necro
WizLab:   wizlab_cigotuvi

Skill      XL: |  1  2  3  4  5  6  7  8  9 10 11 12 13 14 15 16 17 18 19 20 21 22 23 24 25 26 27 |
---------------+----------------------------------------------------------------------------------+-----
Earth Magic    | 4 5 6 7 8 9 10 11 12 13 14 15 16 17 18 19 20 27 | 27.0
Spellcasting   | 3 4 5 6 7 8 9 10 11 12 13 14 15 16 17 18 27 | 27.0
Conjurations   | 1 2 4 5 6 7 8 9 10 11 12 13 14 15 16 17 18 27 | 27.0
Armour         | 1 2 4 5 6 12 | 12.0
Fighting       | 2 4 5 6 7 9 10 11 12 13 14 15 16 17 18 27 | 27.0
Maces & Flails | 2 4 5 6 7 8 9 10 11 12 13 14 | 14.0
Evocations     | 1 3 4 5 6 27 | 27.0
Dodging        | 2 3 4 5 6 7 8 9 10 11 12 13 14 27 | 27.0
Fire Magic     | 7 10 12 13 14 15 16 17 18 19 27 | 27.0
Shields        | 2 4 27 | 27.0
Necromancy     | 27 | 27.0
Ice Magic      | 27 | 27.0
Polearms       | 27 | 27.0
Throwing       | 26 | 26.9
Translocations | 18 | 18.0
Stealth        | 27 | 27.0
Hexes          | 27 | 27.0
Transmutations | |  0.7

Action                   |  1- 3 |  4- 6 |  7- 9 | 10-12 | 13-15 | 16-18 | 19-21 | 22-24 | 25-27 || total
-------------------------+-------+-------+-------+-------+-------+-------+-------+-------+-------++-------
Melee: Club              |    98 |    64 |       |       |       |       |       |       |       ||   162
       Unarmed           |     3 |       |       |       |       |       |       |       |       ||     3
       Dagger            |       |   192 |   157 |       |       |       |       |       |       ||   349
       Trident           |       |       |    57 |       |       |       |       |       |       ||    57
       Whip              |       |       |    28 |   593 |   989 |   847 |   540 |   211 |    59 ||  3267
       Staff             |       |       |       |       |       |       |       |       |  1111 ||  1111
       Lance             |       |       |       |       |       |       |       |       |   141 ||   141
Throw: Stone             |       |       |       |       |     1 |     1 |     2 |     1 |     1 ||     6
       Throwing net      |       |       |       |       |       |     3 |       |       |       ||     3
       Javelin           |       |       |       |       |       |       |       |       |     6 ||     6
 Cast: Sandblast         |    30 |    59 |    96 |   154 |   127 |    42 |    18 |    21 |    52 ||   599
       Stone Arrow       |     1 |       |     4 |    26 |    12 |       |       |     1 |       ||    44
       Lee's Rapid Decon |       |       |     6 |    16 |    69 |    23 |    13 |     9 |    32 ||   168
       Iron Shot         |       |       |       |       |    15 |    84 |    83 |    83 |   229 ||   494
       Orb of Destructio |       |       |       |       |    51 |    29 |       |       |     1 ||    81
       Bolt of Magma     |       |       |       |       |    31 |     4 |       |       |       ||    35
       Bolt of Fire      |       |       |       |       |    27 |   176 |    68 |    84 |   351 ||   706
       Ignition          |       |       |       |       |       |     6 |    82 |    68 |   285 ||   441
       Shatter           |       |       |       |       |       |       |     2 |    17 |   286 ||   305
       Fire Storm        |       |       |       |       |       |       |       |       |   333 ||   333
       Glaciate          |       |       |       |       |       |       |       |       |   382 ||   382
       Controlled Blink  |       |       |       |       |       |       |       |       |    16 ||    16
       Necromutation     |       |       |       |       |       |       |       |       |     6 ||     6
       Discord           |       |       |       |       |       |       |       |       |     2 ||     2
 Abil: Fly               |       |       |       |       |     1 |       |       |       |       ||     1
       Evoke Invisibilit |       |       |       |       |       |       |       |       |    43 ||    43
       End Transformatio |       |       |       |       |       |       |       |       |     1 ||     1
       Stop Flying       |       |       |       |       |       |       |       |       |     1 ||     1
Evoke: Wand              |       |       |     3 |     8 |    16 |    18 |     1 |     4 |    12 ||    62
       Phantom mirror    |       |       |       |       |     1 |       |       |       |     2 ||     3
       Lightning rod     |       |       |       |       |       |       |     1 |     4 |     4 ||     9
       Lamp of fire      |       |       |       |       |       |       |       |     1 |     1 ||     2
       Staff of energy   |       |       |       |       |       |       |       |       |    17 ||    17
       Box of beasts     |       |       |       |       |       |       |       |       |     6 ||     6
       Figurine of a zig |       |       |       |       |       |       |       |       |     4 ||     4
  Use: Scroll            |     5 |     7 |     6 |     8 |    17 |    11 |    13 |    10 |   173 ||   250
       Potion            |       |     2 |     2 |     1 |     5 |    12 |     7 |    18 |    97 ||   144
 Stab: Sleeping          |     1 |     2 |     7 |     6 |     6 |     6 |       |       |     2 ||    30
       Distracted        |       |       |       |     2 |     3 |     1 |       |       |     1 ||     7
       Paralysed         |       |       |       |       |     3 |       |       |       |       ||     3
       Invisible         |       |       |       |       |       |       |       |       |    27 ||    27
  Eat: Chunk             |     1 |    10 |    26 |    26 |    83 |    89 |    75 |    46 |    92 ||   448
       Ration            |       |       |       |       |     1 |     2 |       |     2 |    47 ||    52
Armor: Robe              |    39 |   112 |    93 |   256 |   389 |   326 |   265 |    94 |   935 ||  2509
       Skin              |       |    22 |       |       |       |       |       |       |       ||    22
Dodge: Dodged            |    85 |   213 |   169 |   496 |   787 |   546 |   382 |   180 |  1798 ||  4656
Block: Buckler           |       |       |       |       |       |       |       |       |   870 ||   870
       Reflection        |       |       |       |       |       |       |       |       |    74 ||    74
       Rpst.: Whip       |       |       |       |       |   107 |   137 |    76 |    43 |    13 ||   376
       Staff             |       |       |       |       |       |       |       |       |   275 ||   275
       Lance             |       |       |       |       |       |       |       |       |    31 ||    31

Table legend:
 A = Non-vault XP
 B = Vault XP
 C = Vault XP percentage of total XP
 D = Non-vault monster count
 E = Vault monster count
 F = Vault count percentage of total count
                 A         B        C        D         E       F
            +---------+---------+-------+---------+---------+-------
      Total | 7927600 | 1072399 |  11.9 |    8317 |    1176 |  12.4
            +---------+---------+-------+---------+---------+-------
        D:1 |      51 |       0 |   0.0 |      28 |       0 |   0.0
        D:2 |     125 |      32 |  20.4 |      23 |       1 |   4.2
        D:3 |     152 |       7 |   4.4 |      27 |       5 |  15.6
        D:4 |     355 |       0 |   0.0 |      17 |       0 |   0.0
        D:5 |     317 |       0 |   0.0 |      15 |       0 |   0.0
        D:6 |     897 |     983 |  52.3 |      33 |       6 |  15.4
        D:7 |     137 |     500 |  78.5 |       7 |       6 |  46.2
        D:8 |    3092 |    1552 |  33.4 |      26 |       7 |  21.2
        D:9 |    3888 |    2999 |  43.5 |      23 |      13 |  36.1
       D:10 |    2479 |       0 |   0.0 |      19 |       0 |   0.0
       D:11 |    6327 |    2226 |  26.0 |      29 |      34 |  54.0
       D:12 |    4761 |     939 |  16.5 |      42 |       2 |   4.5
       D:13 |    6179 |    1918 |  23.7 |      32 |       5 |  13.5
       D:14 |    5675 |    4558 |  44.5 |      23 |      19 |  45.2
       D:15 |   13631 |    2340 |  14.7 |      33 |       3 |   8.3
     Lair:1 |    2860 |    1842 |  39.2 |      15 |      26 |  63.4
     Lair:2 |    4068 |       0 |   0.0 |      19 |       0 |   0.0
     Lair:3 |    4401 |    1622 |  26.9 |      16 |       4 |  20.0
     Lair:4 |    5088 |    3154 |  38.3 |      18 |      22 |  55.0
     Lair:5 |   16309 |    1791 |   9.9 |      42 |       8 |  16.0
     Lair:6 |   12718 |   21290 |  62.6 |      47 |      76 |  61.8
   Shoals:1 |   11369 |    2050 |  15.3 |      26 |       5 |  16.1
   Shoals:2 |   20788 |       0 |   0.0 |      44 |       0 |   0.0
   Shoals:3 |   17682 |       0 |   0.0 |      28 |       0 |   0.0
   Shoals:4 |   11802 |   21070 |  64.1 |      24 |      32 |  57.1
    Snake:1 |   17407 |       0 |   0.0 |      32 |       0 |   0.0
    Snake:2 |   11437 |    9249 |  44.7 |      22 |       7 |  24.1
    Snake:3 |   19465 |    7804 |  28.6 |      42 |       1 |   2.3
    Snake:4 |   24357 |   52134 |  68.2 |      46 |      63 |  57.8
    Slime:1 |    4709 |       0 |   0.0 |       9 |       0 |   0.0
    Slime:2 |    5147 |       0 |   0.0 |      12 |       0 |   0.0
    Slime:3 |    5716 |       0 |   0.0 |      12 |       0 |   0.0
    Slime:4 |   10471 |       0 |   0.0 |      25 |       0 |   0.0
    Slime:5 |    9356 |   28655 |  75.4 |      12 |      15 |  55.6
      Orc:1 |    2626 |       0 |   0.0 |      33 |       0 |   0.0
      Orc:2 |    4453 |   12512 |  73.8 |      44 |      66 |  60.0
      Elf:1 |   11812 |   18879 |  61.5 |      20 |      20 |  50.0
      Elf:2 |   15692 |    1826 |  10.4 |      25 |       2 |   7.4
      Elf:3 |   19627 |   37970 |  65.9 |      34 |      24 |  41.4
   Vaults:1 |   24098 |   19705 |  45.0 |      53 |      31 |  36.9
   Vaults:2 |   37500 |   32051 |  46.1 |      66 |      37 |  35.9
   Vaults:3 |   38360 |   36442 |  48.7 |      63 |      45 |  41.7
   Vaults:4 |   40449 |   66306 |  62.1 |      50 |      64 |  56.1
   Vaults:5 |   45972 |  113474 |  71.2 |      61 |      75 |  55.1
    Crypt:1 |   44872 |    4600 |   9.3 |      67 |       4 |   5.6
    Crypt:2 |   36398 |       0 |   0.0 |      43 |       0 |   0.0
    Crypt:3 |   24898 |   26577 |  51.6 |      31 |      58 |  65.2
   Depths:1 |   23157 |    8972 |  27.9 |      33 |      12 |  26.7
   Depths:2 |   31764 |   14397 |  31.2 |      41 |       6 |  12.8
   Depths:3 |   22061 |   77222 |  77.8 |      32 |      44 |  57.9
   Depths:4 |   56210 |   77327 |  57.9 |      52 |      51 |  49.5
   Depths:5 |   81139 |   24753 |  23.4 |      67 |      21 |  23.9
      Zot:1 |   64384 |   35588 |  35.6 |      44 |      10 |  18.5
      Zot:2 |   54528 |       0 |   0.0 |      36 |       0 |   0.0
      Zot:3 |   31797 |   42762 |  57.4 |      15 |      21 |  58.3
      Zot:4 |   56842 |    6387 |  10.1 |      38 |       4 |   9.5
      Zot:5 |   67122 |  178184 |  72.6 |      35 |      42 |  54.5
    Abyss:3 |   15835 |    1946 |  10.9 |      24 |       3 |  11.1
      Zig:1 |   10288 |       0 |   0.0 |      17 |       0 |   0.0
      Zig:2 |   32248 |       0 |   0.0 |      38 |       0 |   0.0
      Zig:3 |   28369 |       0 |   0.0 |      56 |       0 |   0.0
      Zig:4 |   48749 |       0 |   0.0 |      72 |       0 |   0.0
      Zig:5 |   47965 |       0 |   0.0 |      85 |       0 |   0.0
      Zig:6 |   56413 |       0 |   0.0 |     111 |       0 |   0.0
      Zig:7 |   83765 |       0 |   0.0 |     122 |       4 |   3.2
      Zig:8 |  150142 |       0 |   0.0 |     109 |       0 |   0.0
      Zig:9 |  125355 |    2019 |   1.6 |     177 |       4 |   2.2
     Zig:10 |  146274 |       0 |   0.0 |     198 |       0 |   0.0
     Zig:11 |  129584 |       0 |   0.0 |     200 |       0 |   0.0
     Zig:12 |  193547 |       0 |   0.0 |     237 |       0 |   0.0
     Zig:13 |  196595 |    2531 |   1.3 |     260 |       4 |   1.5
     Zig:14 |  220750 |    4047 |   1.8 |     168 |       4 |   2.3
     Zig:15 |  239595 |       0 |   0.0 |     280 |       0 |   0.0
     Zig:16 |  248247 |       0 |   0.0 |     266 |       0 |   0.0
     Zig:17 |  310338 |    2603 |   0.8 |     226 |       4 |   1.7
     Zig:18 |  280914 |    3588 |   1.3 |     329 |       4 |   1.2
     Zig:19 |  403096 |       0 |   0.0 |     360 |       0 |   0.0
     Zig:20 |  500632 |       0 |   0.0 |     263 |       0 |   0.0
     Zig:21 |  499930 |    4765 |   0.9 |     307 |       4 |   1.3
     Zig:22 |  348610 |    2352 |   0.7 |     399 |       4 |   1.0
     Zig:23 |  471143 |       0 |   0.0 |     426 |       0 |   0.0
     Zig:24 |  505041 |       0 |   0.0 |     383 |       0 |   0.0
     Zig:25 |  527702 |    1737 |   0.3 |     398 |       4 |   1.0
     Zig:26 |  329363 |    2462 |   0.7 |     464 |       4 |   0.9
     Zig:27 |  678133 |       0 |   0.0 |     491 |       0 |   0.0
      Sewer |       0 |     201 | 100.0 |       0 |      25 | 100.0
      IceCv |       0 |    6502 | 100.0 |       0 |      54 | 100.0
     WizLab |       0 |   32997 | 100.0 |       0 |      57 | 100.0
            +---------+---------+-------+---------+---------+-------
